 Dungeon Crawl Stone Soup version 0.31-a0-1574-g5526595cd0 (webtiles) character file.

Game seed: 13252746752548875800

11954144 PlayingRandomsOnly the Intangible (level 27, 174/174 HPs)
             Began as a Felid Shapeshifter on Jan 1, 2024.
             Was the Champion of Ashenzari.
             Escaped with the Orb
             ... and 15 runes on Jan 4, 2024!
             The game lasted 17:54:42 (136795 turns).

PlayingRandomsOnly the Intangible (FeSh)          Turns: 136795, Time: 17:54:43

Health: 174/174    AC: 15    Str: 12    XL:     27
Magic:  45/45      EV: 76    Int: 19    God:    Ashenzari [******]
Gold:   11286      SH:  0    Dex: 25    Spells: 4/70 levels left
                                        Lives:  2   Deaths: 11

rFire   + +          .
                       - Unarmed
rCold   + + +        (shield unavailable)
rNeg    + . .        (body armour unavailable)
rPois   ∞            (helmet unavailable)
rElec   +            (cloak unavailable)
rCorr   .            (gloves unavailable)
SInv    +            (boots unavailable)
Will    ++++.        k - amulet of Ashenzari's Vision {Regen+, Elem, Bglg} (curse)
Stlth   +++          T - ring of the Shackled Seeker {rElec rF++ rC+ Stlth+, Sorc, Elem} (curse)
HPRegen 1.29/turn    j - ring of Ashenzari's Inaction {rC++ rN+ Str+6, Sorc, Bglg} (curse)
MPRegen 0.29/turn

%: clarity
@: storm-form, flying
A: cleaving, insubstantial, flying, very small, (claws 1), (fangs 3), see
invisible, (shaggy fur 3), (stealthy paws), no weapons or thrown items, no
armour, multi-lived, clarity, low MP 1, (poison resistance), weak 2
0: Orb of Zot
}: 15/15 runes: barnacled, slimy, silver, golden, iron, obsidian, icy, bone,
abyssal, demonic, glowing, magical, fiery, dark, gossamer
a: Blinkbolt, Begin Untransformation, Renounce Religion, Shatter the Chains


You escaped.
You worshipped Ashenzari.
Ashenzari was exalted by your worship.
You were a lightning-filled tempest!
You visited 18 branches of the dungeon, and saw 88 of its levels.
You visited Pandemonium 3 times, and saw 21 of its levels.
You visited the Abyss 2 times.
You visited 2 bazaars.
You visited 1 ziggurat, and saw 18 of its levels.
You also visited: Trove, Bailey, Gauntlet, Ice Cave, Wizlab and Desolation.

You collected 16872 gold pieces.
You spent 5586 gold pieces at shops.

Inventory:

Jewellery
 d - the ring of Gofroits {rPois rN++ Will- Int+3 Slay+4}
   (You took it off a merfolk on level 4 of the Shoals)

   [ring of slaying]

   Int+3:     It affects your intelligence (+3).
   Slay+4:    It affects your accuracy & damage with ranged weapons and melee
   (+4).
   rPois:     It protects you from poison rN++: It greatly protects you from
   negative energy.
   Will-:     It decreases your willpower.
 j - the cursed ring of Ashenzari's Inaction (right paw) {rC++ rN+ Str+6, Sorc, Bglg}
   (You bought it in a shop on level 2 of the Elven Halls)

   [ring of strength]

   Str+6:     It affects your strength (+6).
   rC++:      It greatly protects you from cold.
   rN+:       It protects you from negative energy.
   It has a curse which improves the following skills: Sorcery: Conjurations and
   Alchemy.
   Beguiling: Hexes and Translocations.
 k - the cursed amulet of Ashenzari's Vision (around neck) {Regen+, Elem, Bglg}
   (You found it on level 3 of the Dungeon)

   [amulet of regeneration]

   Regen+:    It increases your rate of health regeneration.
   It has a curse which improves the following skills: Elements: Fire Magic, Ice
   Magic, Air Magic and Earth Magic.
   Beguiling: Hexes and Translocations.
 K - the amulet "Otiamuqo" {Reflect rElec Str+2 SH+5}
   (You found it on level 11 of a ziggurat)

   [amulet of reflection]

   Reflect:   It reflects blocked missile attacks.
   Str+2:     It affects your strength (+2).
   rElec:     It insulates you from electricity.
   SH+5:      It affects your SH (+5).
 Q - a ring of ice
 T - the cursed ring of the Shackled Seeker (left paw) {rElec rF++ rC+ Stlth+, Sorc, Elem}
   (You bought it in a shop on level 2 of the Elven Halls)

   [ring of protection from cold]

   rF++:      It greatly protects you from fire.
   rC+:       It protects you from cold.
   rElec:     It insulates you from electricity.
   Stlth+:    It makes you more stealthy.
   It has a curse which improves the following skills: Sorcery: Conjurations and
   Alchemy.
   Elements:  Fire Magic, Ice Magic, Air Magic and Earth Magic.
 Z - a ring of protection from fire
Talismans
 b - a serpent talisman
 v - a blade talisman
 C - a granite talisman
 W - a talisman of death
 X - a storm talisman (active)
Wands
 r - a wand of paralysis (90)
 s - a wand of polymorph (60)
 y - a wand of mindburst (99)
 L - a wand of light (17)
 M - a wand of flame (284)
 O - a wand of digging (27)
 P - a wand of roots (71)
Scrolls
 e - 7 scrolls of blinking
 f - a scroll of silence
 g - 13 scrolls of immolation
 h - 10 scrolls of teleportation
 m - 10 scrolls of poison
 o - 8 scrolls of vulnerability
 p - 15 scrolls of fear
 q - 8 scrolls of noise
 D - 13 scrolls of fog
 E - 2 scrolls of revelation
 H - 8 scrolls of torment
Potions
 a - 4 potions of lignification
 c - 11 potions of invisibility
 i - 8 potions of berserk rage
 l - 13 potions of attraction
 t - 6 potions of heal wounds
 u - 6 potions of brilliance
 w - 6 potions of magic
 x - 2 potions of resistance
 z - 18 potions of might
 A - 12 potions of mutation
 B - 26 potions of curing
 F - 2 potions of haste
 G - 16 potions of cancellation
 I - 12 potions of enlightenment
 J - 13 potions of ambrosia
Miscellaneous
 n - a figurine of a ziggurat
 N - a phantom mirror
 S - a lightning rod (4/4)
 U - a phial of floods
 V - a sack of spiders
 Y - the horn of Geryon


   Skills:
 O Level 27 Fighting
 O Level 27 Dodging
 - Level 15.0 Stealth
 + Level 26.8 Unarmed Combat
 - Level 22.1 Spellcasting
 - Level 5.5(9.0) Conjurations
 - Level 26.0(27) Hexes
 - Level 10.0 Summonings
 - Level 26.0(27) Translocations
 - Level 0.9(2.8) Fire Magic
 - Level 13.4(17.0) Ice Magic
 - Level 5.5(9.0) Air Magic
 - Level 24.3(27) Earth Magic
 - Level 7.3(11.0) Alchemy
 - Level 15.0 Evocations
 O Level 27 Shapeshifting


You had 4 spell levels left.
You knew the following spells:

 Your Spells              Type           Power      Damage    Failure   Level
a - Discord               Hex            44%        N/A       1%          8
b - Yara's Violent Unrav  Hex/Alch       37%        3d15      1%          5
c - Ozocubu's Refrigerat  Ice            35%        4d15      1%          7
d - Malign Gateway        Summ/Tloc      37%        N/A       1%          7
e - Enfeeble              Hex            44%        N/A       1%          7
g - Manifold Assault      Tloc           89%        N/A       0%          4
h - Passwall              Erth           89%        N/A       0%          3
i - Passage of Golubria   Tloc           89%        N/A       0%          4
j - Lesser Beckoning      Tloc           100%       N/A       0%          2
k - Shatter               Erth           44%        3d34*     3%          9
l - Disjunction           Tloc           44%        N/A       1%          8
m - Blink                 Tloc           100%       N/A       0%          2

Your spell library contained the following spells:

 Spells                   Type           Power      Damage    Failure   Level
 Apportation              Tloc           100%       N/A       0%          1
 Freeze                   Ice            100%       1d10      0%          1
 Sandblast                Erth           100%       2d20      0%          1
 Slow                     Hex            100%       N/A       0%          1
 Ensorcelled Hibernation  Hex/Ice        100%       N/A       0%          2
 Jinxbite                 Hex            100%       N/A       0%          2
 Momentum Strike          Conj/Tloc      100%       3d10      0%          2
 Confusing Touch          Hex            89%        N/A       0%          3
 Dazzling Flash           Conj/Hex       100%       N/A       0%          3
 Frozen Ramparts          Ice            100%       1d16      0%          3
 Gell's Gravitas          Tloc           89%        N/A       0%          3
 Inner Flame              Hex/Fire       67%        N/A       0%          3
 Ozocubu's Armour         Ice            71%        N/A       0%          3
 Sigil of Binding         Hex            89%        N/A       0%          3
 Stone Arrow              Conj/Erth      100%       3d13      0%          3
 Tukima's Dance           Hex            89%        N/A       0%          3
 Volatile Blastmotes      Fire/Tloc      100%       2d18      0%          3
 Brom's Barrelling Bould  Conj/Erth      74%        2d9       0%          4
 Cause Fear               Hex            44%        N/A       0%          4
 Iskenderun's Mystic Bla  Conj/Tloc      74%        2d15      0%          4
 Leda's Liquefaction      Alch/Erth      37%        N/A       0%          4
 Petrify                  Alch/Erth      75%        N/A       0%          4
 Vhi's Electric Charge    Tloc/Air       100%       N/A       0%          4
 Kiss of Death            Conj/Necr      100%       2d13      1%          1
 Magic Dart               Conj           100%       1d8       1%          1
 Shock                    Conj/Air       100%       1d9       1%          1
 Sting                    Conj/Alch      100%       1d9       1%          1
 Summon Small Mammal      Summ           100%       N/A       1%          1
 Call Imp                 Summ           100%       N/A       1%          2
 Cigotuvi's Dreadful Rot  Necr/Alch/Air  92%        N/A       1%          2
 Mercury Vapours          Alch/Air       100%       N/A       1%          2
 Searing Ray              Conj           100%       2d8       1%          2
 Static Discharge         Conj/Air       100%       3-8/arc   1%          2
 Call Canine Familiar     Summ           56%        N/A       1%          3
 Hailstorm                Conj/Ice       63%        3d12      1%          3
 Mephitic Cloud           Conj/Alch/Air  55%        N/A       1%          3
 Summon Ice Beast         Ice/Summ       64%        N/A       1%          3
 Swiftness                Air            53%        N/A       1%          3
 Airstrike                Air            26%        2d(4-20)  1%          4
 Anguish                  Hex/Necr       32%        N/A       1%          4
 Flame Wave               Conj/Fire      43%        2d11      1%          4
 Fulminant Prism          Conj/Alch      28%        3d13      1%          4
 Ignite Poison            Fire/Alch      47%        N/A       1%          4
 Olgreb's Toxic Radiance  Alch           58%        N/A       1%          4
 Sticky Flame             Fire/Alch      47%        2d9       1%          4
 Summon Blazeheart Golem  Fire/Summ      45%        N/A       1%          4
 Summon Lightning Spire   Summ/Air       55%        N/A       1%          4
 Necrotise                Necr           80%        1d8       2%          1
 Martyr's Knell           Necr/Summ      39%        N/A       2%          4
 Fugue of the Fallen      Necr           20%        N/A       6%          3
 Vampiric Draining        Necr           20%        2d7       6%          3
 Dispel Undead            Necr           20%        3d11      22%         4
 Lee's Rapid Deconstruct  Erth           44%        3d21*     0%          5
 Metabolic Englaciation   Hex/Ice        40%        N/A       0%          5
 Dispersal                Tloc           44%        N/A       0%          6
 Alistair's Intoxication  Alch           38%        N/A       1%          5
 Arcjolt                  Conj/Air       26%        1d36      1%          5
 Borgnjor's Vile Clutch   Necr/Erth      32%        N/A       1%          5
 Freezing Cloud           Conj/Ice/Air   30%        6-21      1%          5
 Irradiate                Conj/Alch      28%        3d21      1%          5
 Iskenderun's Battlesphe  Conj           53%        2d10      1%          5
 Silence                  Hex/Air        37%        N/A       1%          5
 Summon Forest            Summ/Tloc      37%        N/A       1%          5
 Summon Mana Viper        Hex/Summ       74%        N/A       1%          5
 Bombard                  Conj/Erth      37%        9d6       1%          6
 Sculpt Simulacrum        Ice/Alch       32%        N/A       1%          6
 Eringya's Noxious Bog    Alch           29%        4d6       3%          6
 Fireball                 Conj/Fire      21%        3d10      5%          5
 Summon Cactus Giant      Summ           28%        N/A       5%          6
 Conjure Ball Lightning   Conj/Air       26%        3x3d7     8%          6
 Lehudib's Crystal Spear  Conj/Erth      37%        10d9      9%          8
 Plasma Beam              Fire/Air       21%        2x1d33    28%         6
 Starburst                Conj/Fire      21%        6d7       28%         6
 Monstrous Menagerie      Summ           28%        N/A       30%         7
 Summon Hydra             Summ           28%        N/A       30%         7
 Spellforged Servitor     Conj/Summ      27%        N/A       36%         7
 Orb of Destruction       Conj           26%        9d9       41%         7
 Curse of Agony           Necr           20%        N/A       52%         5
 Polar Vortex             Ice            35%        12d4*     90%         9
 Death Channel            Necr           10%        N/A       97%         6
 Maxwell's Capacitive Co  Air            26%        ∞         98%         8
 Borgnjor's Revivificati  Necr           10%        N/A       100%        8
 Ignition                 Fire           15%        3d6       100%        8
 Infestation              Necr           10%        N/A       100%        8
 Chain Lightning          Conj/Air       26%        3d35      100%        9
 Death's Door             Necr           10%        N/A       100%        9
 Fire Storm               Conj/Fire      21%        8d6       100%        9
 Animate Armour           Summ/Erth      Unusable   N/A       N/A         4
 Dimensional Bullseye     Hex/Tloc       Unusable   N/A       N/A         4
 Sublimation of Blood     Necr           Unusable   N/A       N/A         2

Dungeon Overview and Level Annotations

Branches:
Dungeon (15/15)            Temple (1/1) D:5            Lair (5/5) D:11
 Shoals (4/4) Lair:2       Spider (4/4) Lair:3        Slime (5/5) Lair:5
    Orc (2/2) D:9             Elf (3/3) Orc:2        Vaults (5/5) D:14
  Crypt (3/3) Vaults:2       Tomb (3/3) Crypt:3      Depths (4/4) D:15
   Hell (visited)             Dis (7/7) Hell            Geh (7/7) Hell
    Coc (7/7) Hell            Tar (7/7) Hell            Zot (5/5) Depths:4
 Bailey (visited)           IceCv (visited)          WizLab (visited)
Desolation (visited)      Gauntlet (visited)

Altars:
Ashenzari
Cheibriados
Dithmenos
Elyvilon
Fedhas
Gozag
Hepliaklqana
Kikubaaqudgha
Makhleb
Nemelex Xobeh
Okawaru
Qazlal
Ru
Sif Muna
Trog
Uskayaw
Vehumet
Wu Jian
Xom
Yredelemnul
Zin
The Shining One
Jiyva
Lugonu

Shops:
D:13 !!(*   Orc:1 [   Orc:2 !:*(   Elf:2 =   Vaults:2 [   Vaults:4 *   Zot:5 *
Depths:4 [[?[

Portals:
Hell: Depths:1 Depths:2 Depths:3 Depths:4
Abyss: Geh:4 Depths:3 Depths:4
Pandemonium: Depths:2

Annotations:
D:8 2 transporters
D:11 exclusion: oklob plant
Lair:4 exclusion: ice statue
Spider:1 3 runed translucent doors, tish's ghost, journeyman GnWn
Elf:2 2 runed translucent doors
Zot:1 4 transporters


Innate Abilities, Weirdness & Mutations

You are a lightning-filled tempest!
Your electrical attacks strike out in all directions at once.
You are incredibly evasive.
Your insubstantial body is immune to petrification, constriction, and being set on fire You are flying.
You are immune to poison.
((You have sharp claws.))
((You have razor-sharp teeth.))
You have supernaturally acute eyesight. (SInv)
((Your thick and shaggy fur keeps you warm. (AC +3, rC+)))
((Your paws help you pounce on unaware monsters.))
You are incapable of wielding weapons or throwing items.
You cannot wear armour.
You gain extra lives every three experience levels.
You possess an exceptional clarity of mind.
Your magical capacity is low. (-10% MP)
((Your system is resistant to poisons. (rPois)))
You are very weak. (Str -4)


Message History

A hellwing comes into view.
A hellwing comes into view.
The hellwing swoops through the air toward you!
The hellwing completely misses you. x2
The hellwing misses you. The hellwing completely misses you.
The hellwing completely misses you. x2
The hellwing swoops through the air toward you!
The hellwing completely misses you. x2
You blast the hellwing!!!!
You kill the hellwing!
You buffet the hellwing!
Lightning courses through the hellwing!
You blast the hellwing!!!
You kill the hellwing!
You batter the hellwing!!
You kill the hellwing!
There is a stone staircase leading up here.
You are a lightning-filled tempest!
You are flying.
Your flying speed is average.
Your attack delay is about 0.5.
Your damage rating with unarmed combat is about 94 (Base [33 + 26 (UC)] x 110% (Str) x 145% (Fight)).
Your base attributes are Str 10, Int 19, Dex 25.
You fly upwards.
There is a stone staircase leading down here.
What level of the Dungeon? (default 1, ? - help)
You see here 7 stones.
You reach down and open the door.
You sense a monster nearby.
An Orb Guardian comes into view.
The Orb Guardian completely misses you.
You buffet the Orb Guardian!
You punch the Orb Guardian, but do no damage.
The Orb Guardian is moderately wounded.
The Orb Guardian completely misses you.
You blast the Orb Guardian!!!!
Lightning courses through the Orb Guardian!
You kill the Orb Guardian!
There is a staircase leading out of the dungeon here.
You feel extremely strange.
You feel less energetic. The horns on your head shrink away.
Your iridescent scales disappear.
You feel less energetic.
You feel weaker.
You have escaped!

.#######.............### ##
##.................## #
##.....|...####......##
##........########.....##
#.......####....###.....#
##......###........##({..##
#.......##...###...###....#
##..(...###..#'###...##....#
#.......##..###.v##..##....#
#......###..###.##..###....#
#......###...##.....##....##
........##....#######....##
........###....####......#
........# ##............##
........## ####......####
...>.....# ########
.........#


There were no monsters in sight!

Vanquished Creatures
  Antaeus (Coc:7)
  the Royal Jelly (Slime:5)
  Asmodeus (Geh:7)
  Dissolution (Slime:2)
  Ereshkigal (Tar:7)
  Mnoleg (Pan)
  Gloorx Vloq (Pan)
  A seraph (Pan)
  the Serpent of Hell (Coc:7)
  Lom Lobon (Pan)
  Dispater (Dis:7)
  7 dread liches
  11 ancient liches
  Mennas (Pan)
  7 orbs of fire
  21 juggernauts
  Xtahua (Vaults:4)
  Sojobo (Vaults:4)
  33 royal mummies
  The ghost of Gocu the Impregnable, a veteran MiGl of Okawaru (Crypt:3)
  Boris (twice) (Crypt:3 Tomb:3)
  8 Killer Klowns
  2 curse toes
  Geryon (Hell)
  9 shard shrikes
  14 caustic shrikes
  12 golden dragons
  6 profane servitors
  2 pearl dragons (Pan)
  Norris (Vaults:3)
  19 bone dragons
  8 pandemonium lords
  6 iron giants
  19 doom hounds
  A Cloud Mage (WizLab)
  21 Brimstone Fiends
  4 spectral shard shrikes
  14 tentacled monstrosities
  12 Tzitzimimeh
  Jorgrun (Elf:1)
  4 hellephants
  3 electric golems
  8 liches
  A walking earthen tome (Depths:3)
  16 tainted leviathans
  17 Hell Sentinels
  27 Orb Guardians
  A shard shrike skeleton (Crypt:3)
  16 Ice Fiends
  22 acid blobs
  A walking divine tome (Depths:2)
  4 walking frostbound tomes
  3 quicksilver dragons
  19 titans
  3 deep elf blademasters
  22 searing wretches
  3 deep elf master archers
  9 sphinxes
  2 krakens
  21 Executioners (Pan)
  10 death cobs
  41 ancient champions
  5 tentacled starspawn
  Gastronok (D:10)
  27 storm dragons
  2 eldritch tentacles
  Roxanne (Elf:2)
  Donald (Elf:1)
  7 tengu reavers
  7 shadow dragons
  13 revenants
  11 rockslimes
  4 fenstrider witches
  19 daevas (Pan)
  14 protean progenitors
  11 demonspawn warmongers (Pan)
  23 azure jellies
  27 narguns
  10 quicksilver elementals
  28 fire giants
  12 iron dragons
  5 draconian monks
  10 draconian knights
  2 nagarajas (Pan)
  27 frost giants
  4 emperor scorpions (Spider:4)
  11 draconian scorchers
  6 draconian shifters
  4 deep elf elementalists
  41 balrugs
  2 imperial myrmidons (Desolation)
  21 vault wardens
  13 ghost moths
  The ghost of Lamitaj the Severer, a journeyman DsGl of Lugonu (Elf:1)
  The ghost of Hisysic the Cleaver, an adept GrFi of Okawaru (Shoals:3)
  A juggernaut zombie (Abyss:3)
  Louise (D:14)
  3 orc warlords
  4 spectral caustic shrikes
  6 curse skulls
  9 deep elf sorcerers
  33 angels (Pan)
  3 shard shrike simulacra
  7 draconian stormcallers
  5 spriggan defenders
  6 demonspawn corrupters
  12 ghouls
  11 draconian annihilators
  A spectral juggernaut (Tar:5)
  The ghost of Mabre the Stormcaller, a journeyman DgAE (Shoals:3)
  6 formless jellyfish
  The ghost of Ifoem the Nimble, a journeyman OpAr of Cheibriados (Shoals:3)
  15 ironbound preservers
  29 reapers
  22 very ugly things
  27 cacodemons
  3 broodmothers
  10 quicksilver oozes
  7 caustic shrike skeletons
  7 juggernaut skeletons
  17 ophanim (Pan)
  5 green draconians
  4 ironbound thunderhulks
  12 demonspawn blood saints
  18 stone giants
  22 elemental wellsprings
  Nessos (D:14)
  28 apis (Pan)
  8 red draconians
  14 putrid mouths
  8 deep elf demonologists
  6 vampire knights
  8 deep elf death magi
  16 bennus
  4 spark wasps
  8 dire elephants (Vaults:2)
  7 halazid warlocks
  3 spectral titans
  42 war gargoyles
  9 deep elf annihilators
  A minotaur (Gauntlet)
  10 lorocyprocas (Pan)
  8 yellow draconians
  Azrael (D:14)
  20 demonspawn black suns
  9 white draconians
  9 black draconians
  15 purple draconians
  3 eleionomae (Zig:15)
  2 bunyips (Zig:15)
  21 wendigos
  Snorg (D:10)
  37 blizzard demons
  23 iron golems
  16 eidola
  4 fire dragons
  16 green deaths
  4 crystal guardians
  12 ettins
  16 mummy priests
  4 jiangshi (Crypt:3)
  5 entropy weavers
  4 merfolk javelineers
  4 ragged hierophants (Desolation)
  14 yaktaur captains
  Josephine (Lair:3)
  The ghost of Rankomyk the Carver, a journeyman VSEn of Uskayaw (Lair:4)
  An entropy weaver (shapeshifter) (Vaults:5)
  7 hell beasts
  12 deep elf high priests
  9 merfolk impalers
  A spriggan zombie (Crypt:2)
  12 great orbs of eyes
  A spectral iron giant (Tar:3)
  A shambling mangrove (Abyss:5)
  6 spectral spriggans
  4 spriggan air magi
  9 salamander tyrants
  14 servants of whispers
  3 ogre magi
  29 vault guards
  Erolcha (Orc:2)
  8 hydras
  6 juggernaut simulacra
  An alligator (Zig:15)
  3 ghost crabs (WizLab)
  10 ice dragons
  5 boulder beetles
  3 jorogumos
  A catoblepas (D:9)
  9 peacekeepers
  4 ironbound frosthearts
  6 merfolk avatars
  6 rakshasas
  17 caustic shrike simulacra
  The ghost of Dotran the Convoker, a journeyman TeSu of Gozag (Shoals:3)
  The ghost of Boda the Convoker, a journeyman TeSu of Gozag (Shoals:3)
  2 alligator snapping turtles
  4 radroaches
  8 centaur warriors
  A two-headed ogre (shapeshifter) (Vaults:5)
  3 death knights
  2 anacondas (Pan)
  8 merfolk aquamancers
  17 two-headed ogres
  33 dancing weapons
  2 satyrs (Pan)
  28 stokers
  32 hell hogs
  17 death scarabs
  A sphinx skeleton (Vaults:1)
  3 deep troll earth magi
  4 deep troll shamans
  7 tengu warriors
  24 demonic crawlers
  14 thrashing horrors
  A titan zombie (Tomb:2)
  4 orc high priests (Orc:2)
  6 spectral nagas
  7 vampire magi
  23 deep elf knights
  61 sun demons
  10 spriggan berserkers
  4 spectral dire elephants
  8 shock serpents
  41 soul eaters
  Urug (Orc:2)
  A shock serpent (shapeshifter) (Vaults:5)
  Sonja (Orc:2)
  9 hellephant skeletons (Pan)
  4 fire crabs
  11 crystal echidnas
  6 hell knights
  3 spatial maelstroms
  A storm dragon skeleton (Crypt:3)
  2 bunyip zombies
  2 salamander mystics
  19 sea snakes
  23 skeletal warriors
  38 sixfirhies
  11 skysharks
  10 wretched stars
  A spectral bunyip (Tar:1)
  A goliath frog (shapeshifter) (Zig:5)
  3 iron trolls
  21 shadow wraiths
  10 flayed ghosts
  A goliath frog (Zig:15)
  3 pharaoh ants
  3 death drakes (WizLab)
  5 quicksilver dragon simulacra
  54 deep trolls
  14 cherubim (Pan)
  8 orb spiders
  A spectral anaconda (Tar:5)
  A mana viper (shapeshifter) (Zig:5)
  4 kraken simulacra (Coc:7)
  9 sun moths
  9 glowing orange brains
  5 steelbarb worms
  A spectral iron dragon (Tar:3)
  15 phantasmal warriors
  An iron giant skeleton (Abyss:2)
  A bunyip skeleton (Crypt:3)
  12 spriggan simulacra
  3 swamp dragons (Zig:15)
  35 shadow demons
  3 obsidian statues
  4 orange crystal statues
  3 bog bodies (Crypt:2)
  11 lindwurms
  45 starcursed masses
  17 deep elf archers
  16 ironbound convokers
  52 large abominations
  6 orc knights
  An alligator zombie (Hell)
  32 harpies
  29 deep elf zephyrmancers
  7 necromancers
  A fenstrider witch simulacrum (Crypt:1)
  An anaconda skeleton (Hell)
  5 arcanists
  22 cyclopes
  36 deep elf pyromancers
  8 orc sorcerers
  18 wolf spiders
  4 shining eyes
  26 ugly things
  2 alligator skeletons
  3 salamanders (Depths:3)
  6 fauns
  3 will-o-the-wisps
  A spectral centaur (Tar:2)
  4 kobold blastminers
  2 elephants (shapeshifter) (Vaults:5)
  A moth of wrath (shapeshifter) (Zig:3)
  Maurice (D:9)
  10 merfolk sirens
  5 worldbinders
  11 elephants
  19 manticores
  A fire giant skeleton (Crypt:1)
  20 moths of wrath
  A spectral alligator snapping turtle (Tar:3)
  4 Executioner simulacra (Pan)
  13 meliai
  An iron dragon skeleton (Crypt:1)
  5 torpor snails
  12 water nymphs
  11 ice statues
  10 rust devils
  A naga mage (Zig:7)
  76 smoke demons
  16 vault sentinels
  An alligator snapping turtle zombie (Tomb:3)
  9 titan simulacra
  5 apocalypse crabs
  5 guardian serpents
  2 centaur zombies
  5 eyes of devastation
  3 black mambas
  5 molten gargoyles
  33 orange demons
  A cane toad (shapeshifter) (Zig:13)
  27 hellions
  2 centaur skeletons
  A gargoyle (D:12)
  2 human zombies (Vaults:2)
  An unseen horror (D:11)
  11 rime drakes
  8 komodo dragons
  19 cane toads
  A storm dragon simulacrum (Crypt:1)
  2 kobold demonologists
  26 freezing wraiths
  5 tengu conjurers
  34 tormentors
  8 anaconda simulacra
  6 ice devils (Pan)
  6 efreet
  3 sea snake zombies (Hell)
  2 golden dragon simulacra
  A bunyip simulacrum (Coc:1)
  35 guardian mummies
  A green draconian skeleton (Crypt:1)
  4 human skeletons
  7 spectral harpies
  A yaktaur skeleton (Vaults:2)
  4 ancient zymes
  A sea snake skeleton (Hell)
  2 white draconian skeletons (Crypt:1)
  2 polar bears (Lair:4)
  30 yaktaurs
  A catoblepas skeleton (Tomb:1)
  5 iron giant simulacra
  2 silent spectres
  43 hellwings
  5 tyrant leeches
  2 hydra zombies (Hell)
  34 merfolk
  5 red devils
  14 hornets
  3 harpy zombies
  A bloated husk (Zig:15)
  A grey draconian skeleton (Crypt:3)
  23 tarantellas
  A queen bee (Lair:5)
  10 trolls
  A harpy skeleton (Abyss:2)
  69 saltlings (Desolation)
  14 wind drakes
  An alligator simulacrum (IceCv)
  12 blink frogs
  A merfolk zombie (Tomb:2)
  4 iron dragon simulacra
  10 glass eyes
  A hydra skeleton (Hell)
  13 raiju
  4 stone giant simulacra
  14 dream sheep
  22 jumping spiders
  9 snapping turtles
  Sigmund (D:3)
  A snapping turtle (shapeshifter) (Vaults:5)
  7 centaur simulacra
  16 culicivoras
  21 air elementals
  2 shadows
  90 slime creatures
  9 naga simulacra
  8 wyverns
  44 ynoxinuls
  16 spriggans
  7 vampires
  7 fire elementals
  7 small abominations
  29 water elementals
  61 yaks
  18 ushabtiu
  12 dire elephant simulacra
  17 wraiths
  3 basilisks
  2 fire bats (Gauntlet)
  14 golden eyes
  33 neqoxecs
  33 chaos spawn
  7 vampire mosquitoes (D:12)
  9 wargs
  2 humans (D:14)
  10 steam dragons
  22 harpy simulacra
  A spatial vortex (Abyss:6)
  47 redbacks
  3 swamp worms (Gauntlet)
  6 acid dragons
  A skyshark zombie (Crypt:1)
  3 hydra simulacra
  13 water moccasins
  6 hell hounds
  28 orc warriors
  A two-headed ogre skeleton (Crypt:3)
  9 ettin simulacra
  3 sky beasts
  3 ice beasts (Lair:4)
  18 laughing skulls
  4 boggarts (Vaults:2)
  10 wolves
  An ice dragon simulacrum (Crypt:1)
  A swamp dragon zombie (Crypt:3)
  17 ogres
  A lindwurm skeleton (Crypt:2)
  A manticore skeleton (Crypt:2)
  4 centaurs
  4 kobold brigands
  A phantom (D:6)
  2 weeping skulls (Abyss:3)
  A bullfrog (shapeshifter) (Zig:13)
  A brain worm (Abyss:1)
  10 bullfrogs
  8 gnoll sergeants
  4 earth elementals
  4 necrophages
  2 scorpions
  8 wights
  37 killer bees
  2 lindwurm simulacra (IceCv)
  13 howler monkeys
  A polar bear skeleton (Crypt:2)
  A troll skeleton (Crypt:2)
  A spriggan skeleton (Crypt:3)
  6 electric eels
  A crimson imp (Abyss:2)
  3 bombardier beetles
  A quasit (Abyss:2)
  3 hounds
  10 jellies
  Crazy Yiuf (D:3)
  39 orc priests
  3 sleepcaps
  7 gnoll boudas
  An iron imp (Abyss:2)
  5 iguanas
  Terence (D:3)
  38 orc wizards
  12 hell rats (Hell)
  2 naga zombies
  An ogre skeleton (Crypt:1)
  A tengu skeleton (Crypt:2)
  42 mummies
  14 gnolls
  6 adders
  A swamp drake zombie (Crypt:1)
  3 shadow imps (D:5)
  9 white imps
  3 ufetubi
  3 dart slugs
  A ribbon worm (D:2)
  76 orcs
  4 bats (D:2)
  25 endoplasms
  3 giant cockroaches
  11 goblins
  8 hobgoblins
  6 jackals
  3 quokkas
  6 ball pythons
  4 frilled lizards
  3 kobolds
  An orc zombie (Crypt:1)
  4 rats
  3 aspiring fleshes
  A ball lightning (Pan)
  7 creeping infernos
  10 fire vortices
  A fulminant prism (D:13)
  6 lurking horrors
  A spectral weapon (Dis:7)
  3 starspawn tentacles
  6 tentacles
4970 creatures vanquished.

Vanquished Creatures (collateral kills)
  A royal mummy (Tomb:3)
  3 shard shrikes
  7 caustic shrikes
  2 bone dragons (Tar:7)
  2 Tzitzimimeh (Tar:7)
  An iron giant (Dis:7)
  A doom hound (Tar:7)
  3 Ice Fiends (Zig:14)
  2 titans
  4 tainted leviathans (Tar:7)
  A shard shrike skeleton (Tomb:3)
  A sphinx (Tomb:1)
  An Executioner (Pan)
  3 ancient champions
  2 tengu reavers
  2 draconian knights (Zig:17)
  A draconian shifter (Zig:17)
  A demonspawn warmonger (Pan)
  2 fire giants (Geh:7)
  2 draconian scorchers (Zig:17)
  3 balrugs
  An emperor scorpion (Zig:8)
  2 ghost moths (Zig:16)
  A draconian annihilator (Zig:17)
  3 draconian stormcallers (Zig:17)
  2 very ugly things (Abyss:7)
  3 elemental wellsprings
  A broodmother (Zig:16)
  3 yellow draconians (Zig:17)
  3 black draconians (Zig:17)
  3 war gargoyles
  A white draconian (Zig:17)
  A deep elf demonologist (Abyss:7)
  A red draconian (Zig:17)
  A spark wasp (Spider:2)
  A blizzard demon (Pan)
  A green death (Abyss:6)
  3 mummy priests (Tomb:3)
  A shambling mangrove (Abyss:5)
  A crystal guardian (Abyss:7)
  A spriggan zombie (Tomb:3)
  An entropy weaver (Spider:2)
  A radroach (Zig:16)
  3 jorogumos (Zig:16)
  2 boulder beetles (Zig:16)
  3 hell hogs
  A thrashing horror (Abyss:7)
  2 soul eaters (Pan)
  4 shadow wraiths (Tar:7)
  2 skeletal warriors (Tomb:3)
  3 sun demons (Pan)
  A sixfirhy (Pan)
  A wretched star (Abyss:7)
  A titan skeleton (Tomb:3)
  A quicksilver dragon simulacrum (Coc:7)
  3 orb spiders
  A sun moth (Zig:16)
  An ironbound convoker (Vaults:5)
  3 steelbarb worms
  A large abomination (Pan)
  2 shining eyes (Slime:5)
  3 wolf spiders
  An ugly thing (Vaults:4)
  3 moths of wrath
  A smoke demon (Pan)
  A torpor snail (Zig:16)
  2 tormentors
  13 guardian mummies
  An ancient zyme (Abyss:7)
  3 hornets (Abyss:5)
  A hellwing (Pan)
  3 jumping spiders
  4 ynoxinuls (Pan)
  5 culicivoras
  7 ushabtiu
  A neqoxec (Pan)
  5 redbacks
  6 mummies (Tomb:3)
  A fire vortex (Zig:4)
177 creatures vanquished.

Vanquished Creatures (others)
  A shard shrike (Coc:6)
  2 caustic shrikes (Dis:7)
  A searing wretch (Geh:7)
  A sphinx (Vaults:5)
  An Executioner (Pan)
  9 eldritch tentacles (Tar:7)
  2 fenstrider witches
  A frost giant (Coc:7)
  2 fire giants
  A shard shrike simulacrum (Coc:7)
  A ghost moth (Zig:16)
  A bunyip (Zig:15)
  A wendigo (Coc:7)
  A war gargoyle (Dis:7)
  A white draconian (Zig:17)
  A blizzard demon (WizLab)
  A vault guard (Vaults:5)
  A hell beast (Pan)
  2 juggernaut simulacra
  2 boulder beetles (Zig:16)
  2 merfolk aquamancers (Pan)
  An anaconda (Pan)
  A hell hog (Geh:7)
  2 thrashing horrors (Abyss:7)
  A soul eater (Pan)
  A sixfirhy (Pan)
  A skeletal warrior (Tomb:3)
  A sun moth (Pan)
  An orb spider (Zig:16)
  A large abomination (Zig:10)
  A spriggan simulacrum (Crypt:3)
  A necromancer (Hell)
  A deep elf zephyrmancer (Elf:1)
  A deep elf pyromancer (Elf:1)
  2 wolf spiders (Zig:16)
  A rust devil (Hell)
  4 smoke demons
  An anaconda simulacrum (Coc:2)
  A hellion (Coc:7)
  2 yaktaurs
  A spectral harpy (Tar:5)
  A tormentor (Zig:18)
  An iron giant simulacrum (Coc:7)
  4 guardian mummies (Tomb:3)
  4 hellwings (Pan)
  A raiju (shapeshifter) (D:14)
  An air elemental (WizLab)
  A ynoxinul (Pan)
  A vampire (Crypt:3)
  A fire elemental (D:14)
  A dire elephant simulacrum (Coc:7)
  2 neqoxecs
  A chaos spawn (Pan)
  A harpy simulacrum (Coc:7)
  A hydra simulacrum (Coc:7)
  2 laughing skulls (Abyss:6)
  A necrophage (Crypt:2)
  A killer bee (Lair:5)
  A howler monkey (D:9)
  2 mummies (Tomb:3)
  An orc (Orc:1)
  11 ball lightnings (Pan)
  A creeping inferno (Geh:1)
  4 fire vortices
  16 foxfires
  60 fulminant prisms
  3 lurking horrors
  12 starspawn tentacles
  28 tentacles
225 creatures vanquished.

Grand Total: 5372 creatures vanquished

Notes
Turn   | Place    | Note
-------+----------+-------------------------------------------
     0 | D:1      | PlayingRandomsOnly the Felid Shapeshifter began the quest
                  | for the Orb.
     0 | D:1      | Reached XP level 1. HP: 10/10 MP: 2/2
   102 | D:1      | Reached skill level 1 in Stealth
  1049 | D:1      | Reached XP level 2. HP: 14/14 MP: 3/3
  1646 | D:3      | Noticed Terence
  1803 | D:2      | Reached XP level 3. HP: 16/18 MP: 4/4
  2385 | D:2      | Reached XP level 4. HP: 11/22 MP: 5/5
  2385 | D:2      | Gained a life (2 lives remaining)
  2929 | D:3      | Found a radiant altar of Vehumet.
  2975 | D:3      | Noticed Sigmund
  3184 | D:3      | Found a runed translucent door.
  3185 | D:3      | Noticed Crazy Yiuf
  3784 | D:3      | Reached XP level 5. HP: 22/25 MP: 6/6
  3913 | D:4      | Noticed an ogre
  4038 | D:4      | Reached skill level 5 in Stealth
  4042 | D:4      | Gained mutation: You are covered in thick fur. (AC +2)
                  | [Felid growth]
  4042 | D:4      | Reached XP level 6. HP: 32/32 MP: 7/7
  4066 | D:4      | Learned a level 3 spell: Ozocubu's Armour
  4104 | D:4      | Learned a level 1 spell: Sting
  4327 | D:4      | Found a glowing silver altar of Zin.
  4550 | D:5      | Entered Level 5 of the Dungeon
  4949 | D:5      | Found a staircase to the Ecumenical Temple.
  4963 | Temple   | Entered the Ecumenical Temple
  4988 | Temple   | Became a worshipper of Ashenzari the Shackled
  5124 | D:5      | Reached skill level 1 in Conjurations
  5124 | D:5      | Reached skill level 1 in Alchemy
  5240 | D:6      | Noticed a water moccasin
  5435 | D:6      | Noticed a wraith
  5435 | D:6      | Noticed a vampire
  5881 | D:3      | Killed Terence
  5882 | D:3      | Reached XP level 7. HP: 23/36 MP: 6/8
  6524 | D:3      | Killed Crazy Yiuf
  6993 | D:3      | Found a radiant altar of Vehumet.
  8117 | D:5      | Reached * piety under Ashenzari
  8117 | D:5      | Reached ** piety under Ashenzari
  8165 | D:4      | Identified the +0 leather armour of Ignis's Vengeance {rF-
                  | rN+ Int+6 Stlth+}
  8319 | D:5      | Reached XP level 8. HP: 39/40 MP: 4/9
  8753 | D:6      | Reached skill level 5 in Shapeshifting
  9102 | D:5      | Reached *** piety under Ashenzari
  9102 | D:5      | Reached **** piety under Ashenzari
  9537 | D:3      | Killed Sigmund
  9585 | D:3      | Found a radiant altar of Vehumet.
 10427 | D:6      | Reached skill level 1 in Evocations
 10589 | D:6      | Reached XP level 9. HP: 46/46 MP: 7/10
 10837 | D:6      | Reached skill level 1 in Ice Magic
 11100 | D:6      | Reached skill level 5 in Dodging
 11206 | D:7      | Learned a level 4 spell: Iskenderun's Mystic Blast
 11469 | D:7      | Reached skill level 5 in Evocations
 11842 | D:7      | Reached skill level 1 in Spellcasting
 12416 | D:8      | Reached XP level 10. HP: 51/51 MP: 14/14
 12511 | D:8      | Reached skill level 5 in Translocations
 12785 | D:8      | Found a transporter.
 12785 | D:8      | Found a transporter.
 12787 | D:8      | Found a transporter.
 12804 | D:8      | Found a transporter.
 12957 | D:8      | Noticed a two-headed ogre
 13397 | D:9      | Noticed Maurice
 13399 | D:9      | Maurice stole a beast talisman
 13403 | D:9      | Killed Maurice
 13590 | D:9      | Identified the +7 quarterstaff of Aseka Gyupp {flame, rN+}
 13625 | D:9      | Killed from afar by an acid dragon
 13625 | D:9      | Lost a life (1 life remaining)
 13626 | D:9      | Found a hide-covered altar of Uskayaw.
 13787 | D:9      | Found a staircase to the Orcish Mines.
 13802 | D:9      | Noticed Maggie
 13803 | D:9      | Maggie changed into Maggie the goblin
 13803 | D:9      | Noticed Maggie
 13812 | D:9      | Killed Maggie the goblin
 14183 | D:9      | Noticed a cyclops
 14215 | D:9      | Killed a cyclops
 14322 | D:9      | Noticed a two-headed ogre
 14361 | D:9      | Killed a two-headed ogre
 14476 | D:9      | Noticed a catoblepas
 14507 | D:9      | Reached XP level 11. HP: 44/54 MP: 10/15
 14507 | D:9      | Gained a life (2 lives remaining)
 14545 | D:9      | Noticed an orc sorcerer
 15026 | D:9      | Reached skill level 10 in Shapeshifting
 15239 | D:9      | Reached skill level 5 in Unarmed Combat
 16266 | D:9      | Killed a catoblepas
 16356 | D:9      | Reached skill level 5 in Conjurations
 16481 | D:9      | Killed an orc sorcerer
 16806 | D:8      | Killed a two-headed ogre
 17226 | D:10     | Entered Level 10 of the Dungeon
 17278 | D:10     | Identified the +10 spear "Noime" {speed, Str+2 Int+4 Dex+3}
 17294 | D:10     | Found a flagged portal.
 17306 | Bailey   | Entered a bailey
 17390 | Bailey   | Gained mutation: Your thick and shaggy fur keeps you warm.
                  | (AC +3, rC+) [Felid growth]
 17390 | Bailey   | Reached XP level 12. HP: 59/60 MP: 14/17
 17989 | Bailey   | Noticed a two-headed ogre
 18009 | Bailey   | Killed a two-headed ogre
 18010 | Bailey   | Reached skill level 10 in Dodging
 18253 | D:10     | Noticed Gastronok
 18506 | D:10     | Noticed Snorg
 18614 | D:10     | Noticed a two-headed ogre
 18624 | D:10     | Killed a two-headed ogre
 18810 | D:10     | Noticed a two-headed ogre
 18818 | D:10     | Killed a two-headed ogre
 18894 | D:10     | Killed Gastronok
 18895 | D:10     | Reached skill level 5 in Alchemy
 18901 | D:10     | Learned a level 4 spell: Fulminant Prism
 19210 | D:11     | Found a staircase to the Lair.
 19253 | D:11     | Upgraded the game from 0.31-a0-1537-g69dc257577 to
                  | 0.31-a0-1547-g618ab1f346
 19259 | D:11     | Learned a level 5 spell: Metabolic Englaciation
 19321 | D:11     | Reached skill level 10 in Stealth
 19321 | D:11     | Reached skill level 1 in Hexes
 19587 | D:11     | Reached skill level 5 in Hexes
 19783 | D:11     | Noticed a two-headed ogre
 19799 | D:11     | Killed a two-headed ogre
 20121 | D:11     | Noticed a two-headed ogre
 20129 | D:11     | Killed a two-headed ogre
 20490 | Lair:1   | Entered Level 1 of the Lair of Beasts
 21130 | Lair:1   | Reached skill level 10 in Hexes
 21224 | Lair:1   | Reached XP level 13. HP: 65/65 MP: 12/20
 21592 | Lair:2   | Found a staircase to the Shoals.
 22107 | Lair:2   | Reached skill level 5 in Ice Magic
 23002 | Lair:3   | Noticed Josephine
 23944 | Lair:3   | Found a hole to the Spider Nest.
 24187 | Lair:3   | Identified Sif Muna's Lessons on Discontinuous Geomancy
 24267 | Lair:3   | Killed Josephine
 25379 | Lair:4   | Identified a scroll of acquirement
 25386 | Lair:4   | Acquired a book of Hexes
 25513 | Lair:4   | Noticed Rankomyk's ghost (journeyman VSEn)
 25516 | Lair:4   | Found a runed translucent door.
 25564 | Lair:4   | Reached skill level 1 in Earth Magic
 25864 | Lair:4   | Reached ***** piety under Ashenzari
 25864 | Lair:4   | Reached ****** piety under Ashenzari
 25930 | Lair:4   | Identified the +9 broad axe "Rulojef" {drain, ^Fragile MP+9
                  | Str+3 Int+4}
 26462 | Lair:4   | Killed Rankomyk's ghost
 26595 | Lair:5   | Entered Level 5 of the Lair of Beasts
 26667 | Lair:5   | Learned a level 4 spell: Leda's Liquefaction
 26726 | Lair:5   | Reached XP level 14. HP: 70/70 MP: 15/22
 27099 | Lair:5   | Reached skill level 1 in Air Magic
 27374 | Lair:5   | Found a staircase to the Slime Pits.
 27374 | Lair:5   | Found a viscous altar of Jiyva.
 27477 | Lair:5   | Reached skill level 5 in Fighting
 27830 | Lair:5   | Paralysed by a meliai for 4 turns
 30095 | D:12     | Learned a level 5 spell: Freezing Cloud
 30104 | D:13     | Found Udyts's Distillery.
 30324 | D:13     | Bought a potion of heal wounds for 85 gold pieces
 30324 | D:13     | Bought a potion of berserk rage for 85 gold pieces
 30391 | D:13     | Found Kuolum's Antique Weapon Emporium.
 30610 | D:13     | Found Olemuw's Distillery.
 30619 | D:13     | Bought a potion of heal wounds for 75 gold pieces
 30619 | D:13     | Bought a potion of curing for 45 gold pieces
 30718 | D:13     | Found Qareugep's General Store.
 30726 | D:13     | Bought a scroll of teleportation for 45 gold pieces
 30726 | D:13     | Bought a scroll of blinking for 112 gold pieces
 30990 | D:14     | Found a gate leading to a gauntlet.
 30990 | D:14     | Noticed Louise
 30999 | D:14     | Killed Louise
 31007 | D:14     | Reached XP level 15. HP: 35/80 MP: 9/26
 31082 | Gauntlet | Entered a Gauntlet
 31082 | Gauntlet | Found a transporter.
 31082 | Gauntlet | Found a transporter.
 31082 | Gauntlet | Found a transporter.
 31083 | Gauntlet | Found a transporter.
 31103 | Gauntlet | Found a transporter.
 31119 | Gauntlet | Found a transporter.
 31134 | Gauntlet | Found a transporter.
 31142 | Gauntlet | Found a transporter.
 31150 | Gauntlet | Found a transporter.
 31167 | Gauntlet | Found a transporter.
 31171 | Gauntlet | Found a large runed translucent door.
 31172 | Gauntlet | Found a large runed translucent door.
 31173 | Gauntlet | Found a large runed translucent door.
 31173 | Gauntlet | Found a large runed translucent door.
 31174 | Gauntlet | Found a runed translucent gate.
 31175 | Gauntlet | Found a transporter.
 31175 | Gauntlet | Found a runed translucent gate.
 31176 | Gauntlet | Found a large runed translucent door.
 31176 | Gauntlet | Found a large runed translucent door.
 31176 | Gauntlet | Found a runed translucent door.
 31176 | Gauntlet | Found a runed translucent gate.
 31176 | Gauntlet | Found a runed translucent door.
 31177 | Gauntlet | Found a large runed translucent door.
 31178 | Gauntlet | Found a large runed translucent door.
 31181 | Gauntlet | Found a large runed translucent door.
 31181 | Gauntlet | Found a large runed translucent door.
 31182 | Gauntlet | Found a large runed translucent door.
 31183 | Gauntlet | Found a large runed translucent door.
 31192 | Gauntlet | Found a large runed translucent door.
 31192 | Gauntlet | Found a large runed translucent door.
 31193 | Gauntlet | Found a large runed translucent door.
 31194 | Gauntlet | Found a large runed translucent door.
 31196 | Gauntlet | Found a transporter.
 31570 | Gauntlet | Identified the ring of Exzaquv {rElec rCorr Str+3 Stlth+}
 31633 | Gauntlet | Identified Peumoe's Parchment of Ill Luck
 31966 | D:14     | Found a gate to the Vaults.
 31983 | D:14     | Found a shimmering altar of Xom.
 31985 | D:14     | Noticed Azrael
 31999 | D:14     | HP: 1/94 [Azrael/damnation (14)]
 32003 | D:14     | Killed from afar by Azrael
 32003 | D:14     | Lost a life (1 life remaining)
 32004 | D:14     | Killed Azrael
 32469 | D:14     | Noticed Nessos
 32473 | D:14     | Killed Nessos
 32687 | D:15     | Entered Level 15 of the Dungeon
 32689 | D:15     | Reached skill level 5 in Spellcasting
 32913 | D:15     | Found a staircase to the Depths.
 32913 | D:15     | Noticed a fire giant
 32923 | D:15     | Killed a fire giant
 32972 | D:15     | Learned a level 3 spell: Passwall
 33322 | D:15     | Reached skill level 5 in Air Magic
 34031 | Spider:1 | Entered Level 1 of the Spider Nest
 34171 | Spider:1 | HP: 4/98 [cloud of freezing vapour (4)]
 34172 | Spider:1 | Engulfed by a cloud of freezing vapour
 34172 | Spider:1 | Lost a life (0 lives remaining)
 34205 | Spider:1 | Reached XP level 16. HP: 80/85 MP: 29/29
 34205 | Spider:1 | Gained a life (1 life remaining)
 34359 | Spider:1 | Reached skill level 10 in Unarmed Combat
 34590 | Spider:1 | Identified the ring "Napsuj" {rElec rPois}
 34592 | Spider:1 | Found a runed translucent gate.
 34592 | Spider:1 | Found a runed translucent gate.
 34592 | Spider:1 | Found a runed translucent gate.
 34592 | Spider:1 | Noticed tish's ghost (journeyman GnWn)
 34593 | Spider:1 | Identified the +1 cloak of Jeinwepn {-Tele rElec rC+}
 36664 | D:10     | Killed Snorg
 36750 | Orc:1    | Entered Level 1 of the Orcish Mines
 37015 | Orc:1    | Reached skill level 5 in Earth Magic
 37134 | Orc:1    | Found Ommovvoo's Armour Emporium.
 37578 | Orc:2    | Entered Level 2 of the Orcish Mines
 37579 | Orc:2    | Noticed Erolcha
 37613 | Orc:2    | Noticed Urug
 37619 | Orc:2    | Killed Urug
 37749 | Orc:2    | Killed Erolcha
 37760 | Orc:2    | Found a staircase to the Elven Halls.
 37809 | Orc:2    | Noticed Sonja
 37815 | Orc:2    | Killed Sonja
 38024 | Orc:2    | Learned a level 7 spell: Enfeeble
 38114 | Orc:2    | Found Fouk's Antique Weapon Boutique.
 38114 | Orc:2    | Found Cuidauwn's Distillery.
 38114 | Orc:2    | Found Doidd's Book Shop.
 38139 | Orc:2    | Reached skill level 15 in Dodging
 38162 | Orc:2    | Found Nyosuzos's General Store.
 38243 | Orc:2    | Bought a scroll of blinking for 105 gold pieces
 38243 | Orc:2    | Bought a potion of haste for 140 gold pieces
 38245 | Orc:2    | Bought a manual of Dodging for 1200 gold pieces
 38246 | Orc:2    | Bought a potion of berserk rage for 75 gold pieces
 38899 | Spider:4 | Entered Level 4 of the Spider Nest
 39542 | Spider:4 | Reached XP level 17. HP: 89/89 MP: 32/32
 39542 | Spider:4 | Gained a life (2 lives remaining)
 39843 | Spider:4 | HP: 6/175 [emperor scorpion (19)]
 39940 | Spider:4 | Identified the +1 hat of Terror {rCorr}
 39961 | Spider:4 | Got a gossamer rune of Zot
 40373 | Shoals:1 | Entered Level 1 of the Shoals
 42034 | Shoals:2 | Learned a level 2 spell: Mercury Vapours
 42140 | Shoals:2 | Found a runed translucent door.
 42227 | Shoals:2 | Reached skill level 10 in Fighting
 42778 | Shoals:2 | Noticed a kraken
 42853 | Shoals:2 | Killed a kraken
 43122 | Shoals:3 | Reached XP level 18. HP: 99/99 MP: 33/33
 43416 | Shoals:3 | Found a runed translucent gate.
 43416 | Shoals:3 | Found a runed translucent gate.
 43416 | Shoals:3 | Found a runed translucent gate.
 43417 | Shoals:3 | Noticed Boda's ghost (journeyman TeSu)
 43417 | Shoals:3 | Noticed Dotran's ghost (journeyman TeSu)
 43417 | Shoals:3 | Noticed Ifoem's ghost (journeyman OpAr)
 43418 | Shoals:3 | Noticed Hisysic's ghost (adept GrFi)
 43418 | Shoals:3 | Noticed Mabre's ghost (journeyman DgAE)
 43418 | Shoals:3 | Identified the Spellbook of Curses and Percussion
 43733 | Shoals:3 | Killed Dotran's ghost
 43743 | Shoals:3 | Killed Boda's ghost
 43752 | Shoals:3 | Killed Mabre's ghost
 43767 | Shoals:3 | Killed Ifoem's ghost
 43768 | Shoals:3 | Reached skill level 15 in Shapeshifting
 43784 | Shoals:3 | Killed Hisysic's ghost
 44610 | Shoals:4 | Entered Level 4 of the Shoals
 44639 | Shoals:4 | Paralysed by an air elemental for 1 turns
 44764 | Shoals:4 | Paralysed by an air elemental for 1 turns
 44871 | Shoals:4 | Paralysed by an air elemental for 1 turns
 45120 | Shoals:4 | Paralysed by an air elemental for 1 turns
 45171 | Shoals:4 | Paralysed by an air elemental for 1 turns
 45176 | Shoals:4 | Paralysed by an air elemental for 1 turns
 45283 | Shoals:4 | Found a stormy altar of Qazlal.
 45674 | Shoals:4 | Identified the ring of Gofroits {rPois rN++ Will- Int+3
                  | Slay+4}
 46276 | Shoals:4 | Identified the +8 trident of the Eternal Warrior {holy,
                  | rElec rPois rC+ Int-2}
 46440 | Shoals:4 | HP: 6/122 [storm dragon (8)]
 46444 | Shoals:4 | Paralysed by an air elemental for 1 turns
 46445 | Shoals:4 | HP: 3/122 [air elemental/stunning burst (2)]
 46446 | Shoals:4 | Slain by a storm dragon
 46446 | Shoals:4 | Lost a life (1 life remaining)
 46490 | Shoals:4 | Paralysed by an air elemental for 1 turns
 46628 | Shoals:4 | Got a barnacled rune of Zot
 46861 | Elf:1    | Entered Level 1 of the Elven Halls
 46873 | Elf:1    | Noticed Jorgrun
 46983 | Elf:1    | Killed Jorgrun
 47065 | Elf:1    | Found a frozen archway.
 47072 | Elf:1    | Noticed Donald
 47074 | IceCv    | Entered an ice cave
 47167 | IceCv    | Found a transporter.
 47173 | IceCv    | Identified the Directory of Substances and Amathomancy
 47177 | IceCv    | Found a transporter.
 47204 | Elf:1    | Found a magical portal.
 47218 | Elf:1    | Killed Donald
 47243 | WizLab   | Entered The Chambers of the Cloud Mage
 47456 | WizLab   | Paralysed by an air elemental for 1 turns
 47458 | WizLab   | Reached XP level 19. HP: 108/108 MP: 29/34
 47458 | WizLab   | Gained a life (2 lives remaining)
 47471 | WizLab   | Paralysed by an air elemental for 1 turns
 47604 | WizLab   | Learned a level 2 spell: Lesser Beckoning
 47815 | WizLab   | Noticed Ivashoen
 47829 | WizLab   | Killed Ivashoen the Cloud Mage
 47839 | WizLab   | Identified the ring of Grontol {Fly Will+}
 47840 | WizLab   | Identified Karedd's Spellbook of Ouranomancy
 47941 | Elf:1    | Upgraded the game from 0.31-a0-1547-g618ab1f346 to
                  | 0.31-a0-1555-g5715333c33
 48225 | Elf:1    | HP: 5/140 [burnt (13)]
 48226 | Elf:1    | Incinerated by a deep elf pyromancer
 48226 | Elf:1    | Lost a life (1 life remaining)
 48320 | Elf:1    | Found a large runed translucent door.
 48320 | Elf:1    | Found a large runed translucent door.
 48706 | Elf:1    | Noticed Lamitaj's ghost (journeyman DsGl)
 48718 | Elf:1    | Killed Lamitaj's ghost
 48743 | Elf:2    | Found Rulid's Jewellery Boutique.
 49161 | Elf:2    | Bought the ring of Ampyang {rElec rF++ rC+ Stlth+} for 711
                  | gold pieces
 49163 | Elf:2    | Bought the ring of Tender Moments {rC++ rN+ Str+6} for 776
                  | gold pieces
 49234 | Elf:2    | Noticed Roxanne
 49266 | Elf:2    | Killed Roxanne
 49432 | Elf:2    | Found a large runed translucent door.
 49432 | Elf:2    | Found a large runed translucent door.
 49454 | Elf:2    | Found a large runed translucent door.
 49454 | Elf:2    | Found a large runed translucent door.
 50196 | Elf:3    | Entered Level 3 of the Elven Halls
 50975 | Elf:3    | Identified the staff of the Enchanted Forest {^Contam rPois
                  | rN+ Int+2 Necro Alchemy}
 50993 | Elf:3    | Reached XP level 20. HP: 109/109 MP: 23/33
 50993 | Elf:3    | Gained a life (2 lives remaining)
 51187 | Elf:3    | Identified the +9 mace of Xola {freeze, SInv}
 51491 | Elf:3    | HP: 6/132 [deep elf pyromancer/bolt of fire (10)]
 51495 | Elf:3    | Killed from afar by a deep elf annihilator
 51495 | Elf:3    | Lost a life (1 life remaining)
 51766 | Elf:3    | Identified the +5 scale mail of Poclix {rElec rF+}
 51872 | Elf:3    | Identified the staff "Sewemost" {rPois rC+ Dex-2 SInv Ice
                  | Earth}
 52337 | Vaults:1 | Entered Level 1 of the Vaults
 53302 | Vaults:2 | Found a crumbling gateway.
 53309 | Desolati | Entered the Desolation of Salt
 53864 | Desolati | Reached skill level 15 in Fighting
 53869 | Desolati | Found the +4 robe of Folly {Brill Will-∞ Int+8}
 53872 | Desolati | Identified the ring of Day {rC+ rCorr Int+5 Slay-5}
 53968 | Desolati | Identified the ring of Xahemipn {rCorr MP+9 Int+5}
 54013 | Desolati | Identified the +8 hand axe of the Feeding Bear {freeze,
                  | Int+3}
 54013 | Desolati | Identified the +0 ring mail "Eroleida" {^Contam rCorr
                  | Str+7}
 54013 | Desolati | Identified the +10 hand axe of Lies {heavy, rF+ rN+}
 54013 | Desolati | Identified the +0 robe of the Kodama {rPois rC- Regen+}
 54014 | Desolati | Identified the +1 plate armour "Qobiampa" {^Drain rF+
                  | Dex+2}
 54014 | Desolati | Identified the +0 ring mail "Xokaaf" {rF+}
 54014 | Desolati | Identified the +3 sling "Bigaf" {flame, Str+6 SInv}
 54015 | Desolati | Identified the +0 robe "Hemaak" {^Contam rElec rC- rN+++}
 54030 | Desolati | Identified the Grimoire of Fulgurous Incandescence
 54043 | Desolati | Identified the orb of a Gauntlet {mayhem, rElec rCorr
                  | Slay-6 Earth}
 54052 | Desolati | Identified Sif Muna's Directory of Death and Talus
 54052 | Desolati | Identified the Tractate on Icy Peregrination
 55028 | Vaults:2 | Found Atetez's Armour Emporium.
 55123 | Vaults:2 | Reached XP level 21. HP: 99/117 MP: 26/34
 55783 | Vaults:2 | Found a staircase to the Crypt.
 55983 | Crypt:1  | Entered Level 1 of the Crypt
 56597 | Crypt:1  | Identified the +0 scale mail of Ruleg {-Tele Rampage MP+9}
 57617 | Crypt:2  | Identified the +8 arbalest "Ulaff" {speed, rF- Dex+8}
 57700 | Crypt:3  | Entered Level 3 of the Crypt
 57813 | Crypt:3  | Found a staircase to the Tomb.
 57908 | Crypt:3  | Found a large runed translucent door.
 57909 | Crypt:3  | Found a large runed translucent door.
 57945 | Crypt:3  | Noticed Gocu's ghost (veteran MiGl)
 57955 | Crypt:3  | Reached skill level 15 in Unarmed Combat
 58291 | Crypt:3  | Reached XP level 22. HP: 126/126 MP: 35/35
 58291 | Crypt:3  | Gained a life (2 lives remaining)
 58310 | Crypt:3  | Noticed Boris
 58332 | Crypt:3  | Killed Boris
 58813 | Crypt:3  | Found an ancient bone altar of Kikubaaqudgha.
 58820 | Crypt:3  | Found a basalt altar of Yredelemnul.
 58824 | Crypt:3  | Identified the amulet of the Slug {Rampage Regen+ Str+8
                  | Slay-5}
 58826 | Crypt:3  | Identified the Folio of Stolen Souls
 58872 | Crypt:3  | Identified the ring "Coudghus" {rN+ Slay+2}
 58872 | Crypt:3  | Identified the ring "Wulanikui" {Str+6 SInv}
 59033 | Crypt:3  | Killed Gocu's ghost
 59359 | Vaults:3 | Identified the +7 quarterstaff of the Wraith {flame, rElec
                  | rPois rF+ rN+}
 59455 | Vaults:3 | Identified the +8 spear "Giun" {heavy, rN++ Dex-2}
 59456 | Vaults:3 | Acquired a book of the Warp
 59576 | Vaults:3 | Noticed Norris
 59585 | Vaults:3 | Killed Norris
 60161 | Vaults:3 | Found a portal to a secret trove of treasure.
 60304 | Vaults:4 | Noticed Sojobo
 60378 | Vaults:4 | Reached skill level 15 in Stealth
 60815 | Vaults:4 | Reached skill level 27 in Dodging
 60975 | Vaults:4 | Killed Sojobo
 61167 | Vaults:4 | Found Rauner's General Store.
 61283 | Vaults:4 | Identified the Compilation of Charms and Rot
 61362 | Vaults:4 | Reached XP level 23. HP: 135/135 MP: 36/36
 61593 | Vaults:4 | Noticed Xtahua
 61595 | Vaults:4 | Killed Xtahua
 61898 | Depths:1 | Entered Level 1 of the Depths
 61902 | Depths:1 | Found a gateway to Hell.
 62379 | Depths:1 | Noticed a caustic shrike
 62379 | Depths:1 | Noticed a caustic shrike
 62379 | Depths:1 | Noticed a juggernaut
 62379 | Depths:1 | Identified the amulet of Divine Intervention {Acrobat rC+
                  | Slay+3}
 62379 | Depths:1 | Noticed a juggernaut
 62833 | Depths:1 | Killed a caustic shrike
 62871 | Depths:1 | Killed a juggernaut
 62877 | Depths:1 | Killed a caustic shrike
 62886 | Depths:1 | Killed a juggernaut
 62886 | Depths:1 | Mangled by a frost giant
 62886 | Depths:1 | Lost a life (1 life remaining)
 63280 | Depths:1 | Found a gateway to Hell.
 63685 | Depths:2 | Found a one-way gate leading to the halls of Pandemonium.
 63702 | Depths:2 | Found a flickering gateway to a bazaar.
 63709 | Bazaar   | Entered a bazaar
 63711 | Bazaar   | Found Wailet's General Store.
 63719 | Bazaar   | Bought a wand of roots (6) for 187 gold pieces
 63719 | Bazaar   | Bought a scroll of fear for 52 gold pieces
 63731 | Bazaar   | Found Cimaleni's Antique Armour Boutique.
 63766 | Bazaar   | Found Xiemnoj's Weapon Shop.
 63775 | Bazaar   | Found Lupofush's Book Emporium.
 63810 | Bazaar   | Found Vuad's Magic Scroll Emporium.
 63818 | Bazaar   | Bought a scroll of fear for 52 gold pieces
 63818 | Bazaar   | Bought a scroll of teleportation for 39 gold pieces
 63818 | Bazaar   | Bought a scroll of teleportation for 39 gold pieces
 63818 | Bazaar   | Bought a scroll of fear for 52 gold pieces
 63878 | Bazaar   | Bought a Fen Folio for 378 gold pieces
 63939 | Depths:2 | Reached skill level 10 in Translocations
 64076 | Depths:2 | Found a one-way gateway to a ziggurat.
 64186 | Depths:2 | Noticed a juggernaut
 64202 | Depths:2 | Killed a juggernaut
 64216 | Depths:2 | Noticed a juggernaut
 64230 | Depths:2 | Killed a juggernaut
 64337 | Depths:2 | Identified the +1 flail of Ataeta {chaos, rPois Dex+5
                  | Stlth-}
 64934 | Depths:3 | Reached skill level 15 in Hexes
 65015 | Depths:3 | Learned a level 4 spell: Manifold Assault
 65183 | Depths:3 | Noticed a juggernaut
 65187 | Depths:3 | Killed a juggernaut
 65188 | Depths:3 | Reached skill level 10 in Spellcasting
 65415 | Depths:3 | Identified the +2 morningstar "Liapuur" {spect, Str+2
                  | Dex+6}
 65467 | Depths:3 | Noticed a juggernaut
 65483 | Depths:3 | Killed a juggernaut
 65553 | Depths:3 | Identified the +0 chain mail of the Trees {rF- rN+ Int+2}
 65695 | Depths:3 | Found a one-way gate to the infinite horrors of the Abyss.
 65758 | Depths:3 | Reached XP level 24. HP: 142/142 MP: 38/38
 65804 | Depths:3 | Noticed a juggernaut
 66318 | Depths:3 | Reached skill level 15 in Translocations
 66620 | Depths:3 | Killed a juggernaut
 66668 | Depths:4 | Entered Level 4 of the Depths
 66786 | Depths:4 | Found a flickering gateway to a bazaar.
 66792 | Bazaar   | Entered a bazaar
 66808 | Bazaar   | Found Uhodwirghac's Antique Weapon Shoppe.
 66809 | Bazaar   | Found Hanompur's Antique Armour Shoppe.
 66852 | Bazaar   | Found Ukang's Distillery.
 66852 | Bazaar   | Found Volawn's Assorted Antiques.
 66860 | Bazaar   | Bought a potion of enlightenment for 35 gold pieces
 66860 | Bazaar   | Bought a potion of curing for 21 gold pieces
 66860 | Bazaar   | Bought a potion of brilliance for 28 gold pieces
 66860 | Bazaar   | Bought a potion of invisibility for 56 gold pieces
 66860 | Bazaar   | Bought 2 potions of cancellation for 112 gold pieces
 66860 | Bazaar   | Bought a potion of cancellation for 56 gold pieces
 66874 | Bazaar   | Bought a wand of digging (6) for 604 gold pieces
 66874 | Bazaar   | Bought 2 potions of curing for 144 gold pieces
 67005 | Depths:4 | Found Fiogh's Magic Scroll Boutique.
 67005 | Depths:4 | Found Sociwn's Armour Shop.
 67006 | Depths:4 | Found Jeoqym's Antique Armour Boutique.
 67010 | Depths:4 | Found Getaggek's Armour Shop.
 67013 | Depths:4 | Bought a scroll of teleportation for 45 gold pieces
 67013 | Depths:4 | Bought a scroll of fear for 60 gold pieces
 67013 | Depths:4 | Bought a scroll of fog for 60 gold pieces
 67013 | Depths:4 | Bought a scroll of blinking for 112 gold pieces
 67570 | Depths:4 | Found a gate to the Realm of Zot.
 67998 | Depths:4 | Identified the +0 scimitar of Purpose {spect, rC+}
 68703 | Slime:1  | Entered Level 1 of the Pits of Slime
 69737 | Slime:2  | Learned a level 6 spell: Eringya's Noxious Bog
 69846 | Slime:2  | Noticed Dissolution
 69860 | Slime:2  | Killed Dissolution
 70850 | Slime:5  | Entered Level 5 of the Pits of Slime
 70868 | Slime:5  | Learned a level 6 spell: Dispersal
 70900 | Slime:5  | Gained mutation: Your health recovers twice as slowly from
                  | being drained. [a shining eye]
 70903 | Slime:5  | Gained mutation: You have hidden genetic defects. [a
                  | shining eye]
 70908 | Slime:5  | Lost mutation: You have hidden genetic defects. [potion of
                  | mutation]
 70908 | Slime:5  | Lost mutation: Your health recovers twice as slowly from
                  | being drained. [potion of mutation]
 70908 | Slime:5  | Gained mutation: You are vulnerable to heat. (rF-) [potion
                  | of mutation]
 70909 | Slime:5  | Lost mutation: You are vulnerable to heat. (rF-) [potion of
                  | mutation]
 70909 | Slime:5  | Gained mutation: You sometimes lose your temper in combat.
                  | [potion of mutation]
 70910 | Slime:5  | Lost mutation: You sometimes lose your temper in combat.
                  | [potion of mutation]
 70910 | Slime:5  | Gained mutation: You are clumsy. (Dex -2) [potion of
                  | mutation]
 70910 | Slime:5  | Gained mutation: Potions are less effective at restoring
                  | your health. [potion of mutation]
 70910 | Slime:5  | Gained mutation: You are partially covered in large bone
                  | plates. (SH +4) [potion of mutation]
 70911 | Slime:5  | Lost mutation: Potions are less effective at restoring your
                  | health. [potion of mutation]
 70911 | Slime:5  | Lost mutation: You are partially covered in large bone
                  | plates. (SH +4) [potion of mutation]
 70911 | Slime:5  | Lost mutation: You are clumsy. (Dex -2) [potion of
                  | mutation]
 70911 | Slime:5  | Gained mutation: Your system is resistant to poisons.
                  | (rPois) [potion of mutation]
 70911 | Slime:5  | Gained mutation: You are frail. (-10% HP) [potion of
                  | mutation]
 70912 | Slime:5  | Lost mutation: You are frail. (-10% HP) [potion of
                  | mutation]
 70912 | Slime:5  | Lost mutation: Your system is resistant to poisons. (rPois)
                  | [potion of mutation]
 70912 | Slime:5  | Gained mutation: You expend magic power (3 MP) to
                  | strengthen your wands. [potion of mutation]
 70912 | Slime:5  | Gained mutation: Your muscles are strong. (Str +4, Int/Dex
                  | -1) [potion of mutation]
 71318 | Slime:5  | Noticed the Royal Jelly
 71327 | Slime:5  | Found a viscous altar of Jiyva.
 71334 | Slime:5  | Identified the staff of Resourcefulness {rN+ Int+6 Dex+3
                  | Necro}
 71337 | Slime:5  | Found the +2 hood of the Assassin {Detect Stab+ Stlth++}
 71337 | Slime:5  | Identified the +1 falchion of Heobleith {chaos, Will+}
 71419 | Slime:5  | Killed the Royal Jelly
 71571 | Slime:5  | Got a slimy rune of Zot
 71576 | Slime:5  | Identified the +3 war axe of Noon {flame, rPois rF+ SInv}
 72197 | Vaults:3 | You showed the slimy rune of Zot to enter a treasure trove
 72198 | Trove    | Entered a treasure trove
 72218 | Trove    | Reached XP level 25. HP: 147/147 MP: 42/42
 72218 | Trove    | Gained a life (2 lives remaining)
 72238 | Trove    | Identified the ring of Ujyg {Str+3 Int+3 SInv}
 72238 | Trove    | Identified the ring of the Middle {rF+ rCorr Str+2 Int+4}
 72354 | Vaults:5 | Entered Level 5 of the Vaults
 72359 | Vaults:5 | Reached skill level 15 in Spellcasting
 72359 | Vaults:5 | Reached XP level 26. HP: 150/152 MP: 26/43
 72601 | Vaults:5 | Got a silver rune of Zot
 72660 | Vaults:5 | Identified the +1 leather armour of Temperance {Str+3 Int+2
                  | Dex-2}
 73177 | Vaults:5 | Identified the Lectures on the Discontinuous Oath
 74091 | Zot:1    | Entered Level 1 of the Realm of Zot
 74150 | Zot:1    | Noticed an orb of fire
 74153 | Zot:1    | Killed an orb of fire
 74233 | Zot:1    | Noticed an orb of fire
 74244 | Zot:1    | Killed an orb of fire
 74310 | Zot:1    | Found a transporter.
 74320 | Zot:1    | Found a transporter.
 74321 | Zot:1    | Found a transporter.
 74453 | Zot:1    | Found a transporter.
 75700 | Zot:2    | Reached XP level 27. HP: 156/156 MP: 22/43
 77510 | Zot:4    | HP: 10/202 [purple draconian/+0 war axe (29)]
 77515 | Zot:4    | Mangled by a purple draconian
 77515 | Zot:4    | Lost a life (1 life remaining)
 77612 | Zot:4    | Identified the +6 scale mail of Ofra {Will++ Int+3 Slay-2}
 78539 | Zot:5    | Entered Level 5 of the Realm of Zot
 78603 | Zot:5    | Found Doryts's Last-Chance Deals.
 78962 | Zot:5    | Noticed an ancient lich
 78965 | Zot:5    | Noticed a dread lich
 78971 | Zot:5    | Noticed an ancient lich
 78983 | Zot:5    | Killed a dread lich
 78995 | Zot:5    | Killed from afar by an ancient lich
 78995 | Zot:5    | Lost a life (0 lives remaining)
 79169 | Zot:5    | Killed an ancient lich
 79170 | Zot:5    | Noticed an orb of fire
 79195 | Zot:5    | Killed an orb of fire
 79362 | Zot:5    | Learned a level 8 spell: Disjunction
 79655 | Zot:5    | Killed an ancient lich
 79656 | Zot:5    | Noticed an orb of fire
 79663 | Zot:5    | Killed an orb of fire
 79827 | Zot:5    | Noticed an ancient lich
 79833 | Zot:5    | Killed an ancient lich
 79834 | Zot:5    | Gained a life (1 life remaining)
 79923 | Zot:5    | Noticed an orb of fire
 80072 | Zot:5    | Noticed an ancient lich
 80076 | Zot:5    | Killed an orb of fire
 80084 | Zot:5    | Noticed an orb of fire
 80097 | Zot:5    | Killed an orb of fire
 80109 | Zot:5    | Killed an ancient lich
 80162 | Zot:5    | Noticed an ancient lich
 80175 | Zot:5    | Killed an ancient lich
 80182 | Zot:5    | Noticed an orb of fire
 80214 | Zot:5    | Killed an orb of fire
 81362 | Hell     | Entered the Vestibule of Hell
 81362 | Hell     | Noticed Geryon
 81394 | Depths:1 | Gained mutation: Your spells are a little easier to cast,
                  | but a little less powerful. [a cacodemon]
 81550 | Hell     | Killed Geryon
 82441 | Hell     | Found a gateway to the ashen valley of Gehenna.
 82556 | Hell     | Found a gateway to the Iron City of Dis.
 82770 | Hell     | Found a gateway to the freezing wastes of Cocytus.
 82834 | Hell     | Found a gateway to the decaying netherworld of Tartarus.
 83307 | Depths:4 | Voluntarily entered the Abyss.
 83423 | Abyss:2  | Noticed a dread lich
 83438 | Abyss:2  | Killed a dread lich
 83601 | Abyss:2  | Found a corrupted altar of Lugonu.
 83722 | Abyss:2  | Identified the +7 lajatang "Dainyg" {flame, rElec Dex+3}
 83784 | Abyss:2  | Found a corrupted altar of Lugonu.
 83997 | Abyss:5  | Found a corrupted altar of Lugonu.
 84012 | Abyss:5  | Found a corrupted altar of Lugonu.
 84154 | Abyss:5  | Got an abyssal rune of Zot
 84272 | Abyss:6  | Found a corrupted altar of Lugonu.
 84348 | Abyss:6  | Found a corrupted altar of Lugonu.
 84371 | Depths:4 | Escaped the Abyss
 84471 | Pan      | Entered Pandemonium
 85312 | Pan      | Noticed Dekh the pandemonium lord
 85326 | Pan      | Killed Dekh the pandemonium lord
 85377 | Pan      | Identified the +5 scale mail of Trumpets {+Inv Int+3}
 85614 | Pan      | Got a demonic rune of Zot
 85737 | Pan      | Noticed Dunoroe the pandemonium lord
 85744 | Pan      | Killed Dunoroe the pandemonium lord
 85879 | Pan      | Entered the realm of Mnoleg.
 85880 | Pan      | Gained mutation: Your spells are easier to cast, but less
                  | powerful. [a cacodemon]
 86014 | Pan      | Lost mutation: Your muscles are strong. (Str +4, Int/Dex
                  | -1) [potion of mutation]
 86014 | Pan      | Lost mutation: Your spells are easier to cast, but less
                  | powerful. [potion of mutation]
 86014 | Pan      | Gained mutation: You are agile. (Dex +4, Str/Int -1)
                  | [potion of mutation]
 86014 | Pan      | Gained mutation: You are robust. (+10% HP) [potion of
                  | mutation]
 86694 | Pan      | Found an exit through the horrors of the Abyss.
 87466 | Pan      | Noticed Mnoleg
 87531 | Pan      | Killed Mnoleg
 87735 | Pan      | Got a glowing rune of Zot
 87754 | Pan      | Identified the ring of Aroexiet {MP+9 Str+3 Dex+3 SInv}
 88639 | Pan      | Identified the +0 long sword "Imuereaj" {drain, rN++ Str+2
                  | Stlth+}
 88976 | Pan      | Found an exit through the horrors of the Abyss.
 89081 | Pan      | Entered the realm of Lom Lobon.
 89118 | Pan      | Noticed Lom Lobon
 89150 | Pan      | HP: 6/170 [Lom Lobon/great icy blast (54)]
 89152 | Pan      | HP: 1/170 [Lom Lobon] (3)]
 89153 | Pan      | Killed from afar by a smoke demon
 89153 | Pan      | Lost a life (0 lives remaining)
 89947 | Pan      | Killed Lom Lobon
 90049 | Pan      | Got a magical rune of Zot
 90735 | Pan      | Entered the realm of Cerebov.
 90941 | Pan      | Reached skill level 10 in Evocations
 91107 | Pan      | Identified the +7 orcbow "Ivauzeuc" {freeze, rF++ Dex+5
                  | Stlth-}
 91453 | Pan      | Identified the +7 glaive of Budenap {drain, rC+++ rN+
                  | Dex+3}
 91453 | Pan      | Identified the ring "Peejib" {Wiz Int+4}
 91461 | Pan      | Identified the ring "Huychef" {rC- EV+5 Int+6 SInv}
 91593 | Pan      | Identified the ring of Twilight {Int+2 Dex+6}
 91602 | Pan      | Found the +6 sword of Cerebov {flame}
 91602 | Pan      | Noticed Cerebov
 91647 | Pan      | Got a fiery rune of Zot
 91793 | Pan      | Found the +6 sword of Cerebov {flame}
 91793 | Pan      | Noticed Cerebov
 91860 | Pan      | Noticed Mennas
 91894 | Pan      | Killed Mennas
 91903 | Pan      | Noticed Toopp the pandemonium lord
 91908 | Pan      | Found a burning altar of Makhleb.
 92051 | Pan      | Entered the realm of Gloorx Vloq.
 92262 | Pan      | Found an exit through the horrors of the Abyss.
 92681 | Pan      | Reached skill level 15 in Evocations
 92812 | Pan      | Learned a level 5 spell: Yara's Violent Unravelling
 93105 | Pan      | Noticed Gloorx Vloq
 93128 | Pan      | Killed Gloorx Vloq
 93147 | Pan      | Got a dark rune of Zot
 93510 | Pan      | Learned a level 4 spell: Passage of Golubria
 93613 | Pan      | Found a runed translucent door.
 93991 | Pan      | Noticed Sepripol the pandemonium lord
 93998 | Pan      | Killed Sepripol the pandemonium lord
 94146 | Pan      | Identified the +7 trident of Vitsuzun {drain, *Noise rPois
                  | rC+ Dex+2}
 94255 | Pan      | Found an exit through the horrors of the Abyss.
 94280 | Pan      | Identified Etsuwi's Directory of Limned Phlogiston
 94404 | Pan      | Noticed Lerad the pandemonium lord
 94416 | Depths:2 | Escaped Pandemonium
 94790 | Tomb:1   | Entered Level 1 of the Tomb of the Ancients
 95107 | Tomb:1   | Identified the +10 battleaxe of Indomitability {flame,
                  | +Blink Str+3 Dex-3}
 95386 | Tomb:1   | Identified the +0 robe of Magic {rN+ rCorr Int+2}
 95606 | Tomb:1   | Noticed a royal mummy
 95639 | Tomb:1   | Killed a royal mummy
 95736 | Tomb:1   | Noticed a royal mummy
 95769 | Tomb:1   | Killed a royal mummy
 96382 | Tomb:2   | Noticed a royal mummy
 96384 | Tomb:2   | Noticed a royal mummy
 96392 | Tomb:2   | Noticed a royal mummy
 96512 | Tomb:2   | Noticed a royal mummy
 96652 | Tomb:2   | Killed a royal mummy
 96667 | Tomb:2   | Killed a royal mummy
 96730 | Tomb:2   | Killed a royal mummy
 97006 | Tomb:2   | Killed a royal mummy
 97365 | Tomb:1   | Noticed a royal mummy
 97365 | Tomb:1   | Noticed a royal mummy
 97365 | Tomb:1   | Noticed a royal mummy
 97365 | Tomb:1   | Noticed a royal mummy
 97378 | Tomb:1   | Noticed a royal mummy
 97379 | Tomb:1   | Noticed a royal mummy
 97602 | Tomb:1   | Killed a royal mummy
 97603 | Tomb:1   | Killed a royal mummy
 97607 | Tomb:1   | Killed a royal mummy
 97617 | Tomb:1   | Killed a royal mummy
 97618 | Tomb:1   | Gained a life (1 life remaining)
 97675 | Tomb:1   | Killed a royal mummy
 97676 | Tomb:1   | Noticed a royal mummy
 97686 | Tomb:1   | Killed a royal mummy
 97687 | Tomb:1   | Noticed a royal mummy
 97695 | Tomb:1   | Killed a royal mummy
 97713 | Tomb:1   | Killed a royal mummy
 97809 | Tomb:1   | Noticed a royal mummy
 97820 | Tomb:1   | Killed a royal mummy
 97951 | Tomb:1   | Noticed a royal mummy
 97961 | Tomb:1   | Noticed a royal mummy
 97962 | Tomb:1   | Noticed a royal mummy
 97968 | Tomb:1   | Noticed a royal mummy
 97978 | Tomb:1   | Killed a royal mummy
 97980 | Tomb:1   | Killed a royal mummy
 97981 | Tomb:1   | Reached skill level 10 in Earth Magic
 97981 | Tomb:1   | Killed a royal mummy
 97989 | Tomb:1   | Killed a royal mummy
 98139 | Tomb:1   | Noticed a royal mummy
 98146 | Tomb:1   | Noticed a royal mummy
 98152 | Tomb:1   | Killed a royal mummy
 98159 | Tomb:1   | Killed a royal mummy
 98292 | Tomb:1   | Noticed a royal mummy
 98311 | Tomb:1   | Killed a royal mummy
 98376 | Tomb:1   | Noticed a royal mummy
 98401 | Tomb:1   | Noticed a royal mummy
 98402 | Tomb:1   | Killed a royal mummy
 98433 | Tomb:1   | Killed a royal mummy
 98589 | Tomb:1   | Noticed a royal mummy
 98600 | Tomb:1   | Killed a royal mummy
 99020 | Tomb:1   | Upgraded the game from 0.31-a0-1555-g5715333c33 to
                  | 0.31-a0-1574-g5526595cd0
 99378 | Pan      | Entered Pandemonium
 99388 | Pan      | Found an exit through the horrors of the Abyss.
 99618 | Pan      | Noticed Boopeh the pandemonium lord
 99644 | Pan      | Killed Boopeh the pandemonium lord
100578 | Pan      | Found a transporter.
100580 | Pan      | Identified the ring of Ninamom {rC+ rN+ rCorr}
100581 | Pan      | Identified the amulet of Kapoda {Faith Dex+5}
100582 | Pan      | Identified the ring of Alelaik {^Contam rElec Will+ Dex+6}
100836 | Pan      | Found a transporter.
100841 | Pan      | Found an exit through the horrors of the Abyss.
102066 | Pan      | Mangled by a demonspawn warmonger
102066 | Pan      | Lost a life (0 lives remaining)
102308 | Pan      | Identified the +6 dagger of Zealous Valiance {flame, Fly
                  | rC- Will+++ MP+9}
102721 | Pan      | Noticed Cenaukil the pandemonium lord
102776 | Pan      | Killed Cenaukil the pandemonium lord
103627 | Pan      | Learned a level 9 spell: Shatter
103649 | Pan      | Reached skill level 15 in Earth Magic
104058 | Pan      | Identified the +0 tower shield of Sudin {-Tele Str+5}
104382 | Pan      | Found a white marble altar of Elyvilon.
105299 | Pan      | Noticed a seraph
105598 | Pan      | Identified the +4 tower shield of Grace {rCorr}
105789 | Pan      | Found a glowing silver altar of Zin.
106251 | Pan      | Killed a seraph
106254 | Pan      | Found a glowing golden altar of the Shining One.
106254 | Pan      | Identified Further Progress in Theurgy
106258 | Pan      | Identified the staff of the Postmodern Mystics {rPois rN+
                  | Will+ rCorr Int+2 Necro}
106259 | Pan      | Identified the +0 pair of boots "Geqenen" {Str+3}
106576 | Pan      | Learned a level 2 spell: Blink
106846 | Pan      | Identified the +6 glaive "Awuejoz" {freeze, rPois rCorr
                  | Str-3 Dex+4}
106851 | Pan      | Found a transporter.
106852 | Pan      | Identified the amulet "Xiwoigg" {Acrobat rC+}
106852 | Pan      | Identified the amulet "Hasimp" {Acrobat *Slow Will+ Str+6
                  | Int-3}
106934 | Pan      | Found a transporter.
106975 | Pan      | Found an exit through the horrors of the Abyss.
108255 | Pan      | Found an exit through the horrors of the Abyss.
108292 | Depths:2 | Escaped Pandemonium
108322 | Zig:1    | Entered Level 1 of a ziggurat
108366 | Zig:2    | Entered Level 2 of a ziggurat
108599 | Zig:3    | Entered Level 3 of a ziggurat
108602 | Zig:3    | Noticed Watsefro the pandemonium lord
108610 | Zig:3    | Killed Watsefro the pandemonium lord
108740 | Zig:4    | Entered Level 4 of a ziggurat
108741 | Zig:4    | Identified the ring "Untesm" {Fly rF- Str+3}
108743 | Zig:4    | Noticed Plog the pandemonium lord
108766 | Zig:4    | Killed Plog the pandemonium lord
108890 | Zig:5    | Entered Level 5 of a ziggurat
108914 | Zig:5    | Gained mutation: Your body sometimes deteriorates upon
                  | taking damage. [mutagenic glow]
108977 | Zig:6    | Entered Level 6 of a ziggurat
108992 | Zig:6    | Lost mutation: You are agile. (Dex +4, Str/Int -1)
                  | [mutagenic glow]
108994 | Zig:6    | Identified the +0 plate armour "Haschod" {-Tele Rampage
                  | MP+9 Slay+5}
109117 | Zig:7    | Entered Level 7 of a ziggurat
109123 | Zig:7    | Noticed an ancient lich
109128 | Zig:7    | Killed an ancient lich
109205 | Zig:7    | Identified the +7 dire flail of the Moth {spect, Fly Will+
                  | Int+2}
109219 | Zig:7    | Lost mutation: Your spells are a little easier to cast, but
                  | a little less powerful. [potion of mutation]
109219 | Zig:7    | Lost mutation: Your body sometimes deteriorates upon taking
                  | damage. [potion of mutation]
109219 | Zig:7    | Gained mutation: Your system is resistant to poisons.
                  | (rPois) [potion of mutation]
109219 | Zig:7    | Gained mutation: You have a pair of small horns on your
                  | head. [potion of mutation]
109219 | Zig:7    | Gained mutation: You have hidden genetic potential. [potion
                  | of mutation]
109223 | Zig:8    | Entered Level 8 of a ziggurat
109241 | Zig:8    | Gained mutation: Your body sometimes deteriorates upon
                  | taking damage. [mutagenic glow]
109246 | Zig:8    | Identified the staff of the Feeding Whale {rPois Necro
                  | Alchemy}
109346 | Zig:9    | Entered Level 9 of a ziggurat
109355 | Zig:9    | Noticed a dread lich
109363 | Zig:9    | Killed a dread lich
109686 | Zig:10   | Entered Level 10 of a ziggurat
109688 | Zig:10   | Identified the +5 kite shield "Quwnigepn" {Rampage rN+++
                  | Will-}
109690 | Zig:10   | Lost mutation: You are robust. (+10% HP) [a neqoxec]
109695 | Zig:10   | Paralysed by accursed screaming for 2 turns
109698 | Zig:10   | Identified the Atlas of the Productive Crevasse
109829 | Zig:11   | Entered Level 11 of a ziggurat
109834 | Zig:11   | Noticed an ancient lich
109835 | Zig:11   | Identified the amulet "Otiamuqo" {Reflect rElec Str+2 SH+5}
109835 | Zig:11   | Noticed an ancient lich
109835 | Zig:11   | Noticed an ancient lich
109838 | Zig:11   | Killed an ancient lich
109839 | Zig:11   | Killed an ancient lich
109840 | Zig:11   | Killed an ancient lich
109929 | Zig:12   | Entered Level 12 of a ziggurat
110179 | Zig:12   | Identified the +9 dagger "Daehutom" {speed, rN+ Int+2}
110199 | Zig:13   | Entered Level 13 of a ziggurat
110294 | Zig:14   | Entered Level 14 of a ziggurat
110307 | Zig:14   | Paralysed by a wendigo for 1 turns
110309 | Zig:14   | Noticed a dread lich
110309 | Zig:14   | Identified the +0 helmet of the Bursted God {*Slow Will++
                  | Regen+}
110309 | Zig:14   | Identified the +6 short sword of Linearity {flame, ^Fragile
                  | rPois rC+ Str+4}
110309 | Zig:14   | Identified the +1 leather armour "Qiup" {Str+3 Dex+3 SInv}
110312 | Zig:14   | Killed a dread lich
110324 | Zig:14   | Found the +6 arbalest "Damnation" {damnation}
110412 | Zig:14   | Learned a level 8 spell: Discord
110431 | Zig:15   | Entered Level 15 of a ziggurat
110444 | Zig:15   | Identified the ring "Qufitz" {rN+ SInv}
110444 | Zig:15   | Identified the +1 rapier "Yrphaolo" {freeze, rCorr}
110444 | Zig:15   | Identified the ring "Idurokou" {rCorr Dex+3}
110444 | Zig:15   | Identified the Encyclopedia of Quantum Stolen Souls
110518 | Zig:16   | Entered Level 16 of a ziggurat
110532 | Zig:16   | Identified the +0 cloak of the Hanged Man {rPois rC+ Str+2
                  | Stlth-}
110532 | Zig:16   | Identified Sif Muna's Compendium of the Flaming Mesa
110533 | Zig:16   | Identified the staff "Uporch Nigel" {rElec Will+ Air}
110534 | Zig:16   | Found the +10 morningstar "Eos" {elec, Halo rElec}
110596 | Zig:17   | Entered Level 17 of a ziggurat
110681 | Zig:17   | Identified Sif Muna's Parchment of Maleficent Secrets and
                  | the Escort
110681 | Zig:17   | Identified the ring "Cekhlu" {Wiz Dex+2 Slay+2}
110682 | Zig:17   | Identified the amulet of Mid Hyl {Acrobat -Cast rPois
                  | Stlth+}
110683 | Zig:17   | Identified the +7 glaive of the Ageing Enemy {drain, rPois
                  | Will- Str+4}
110684 | Zig:17   | Found the +7 Spriggan's Knife {stab, EV+4 Stlth+}
110685 | Zig:17   | Identified the ring of Sakkocet {*Slow Will+ Str+4 Dex+6}
110736 | Zig:18   | Entered Level 18 of a ziggurat
110749 | Zig:18   | Identified the ring of Udet {^Drain rElec rC+ rN+ Dex+2}
110749 | Zig:18   | Identified the +6 bardiche of Supply {drain, rElec rC+
                  | Str-2 Int+2 Stlth+}
110750 | Zig:18   | Identified the +2 ring mail of Awe {*Corrode Fly rF+}
110750 | Zig:18   | Identified the Tome of a Thousand Souls
110750 | Zig:18   | Identified the Guide on the Salvo
110750 | Zig:18   | Identified the +1 arbalest of Zale Quunk {penet, Stlth+}
111122 | Dis:1    | Entered Level 1 of the Iron City of Dis
111717 | Dis:3    | Noticed a juggernaut
111730 | Dis:3    | Killed a juggernaut
111731 | Dis:3    | Noticed a juggernaut
111736 | Dis:3    | Noticed a juggernaut
111737 | Dis:3    | Noticed a juggernaut
111743 | Dis:3    | Killed a juggernaut
111743 | Dis:3    | Killed a juggernaut
111744 | Dis:3    | Killed a juggernaut
111874 | Dis:3    | Noticed a juggernaut
111997 | Dis:3    | Killed a juggernaut
112030 | Dis:3    | Noticed a juggernaut
112039 | Dis:3    | Killed a juggernaut
112050 | Dis:3    | Noticed a juggernaut
112060 | Dis:3    | Noticed a juggernaut
112071 | Dis:3    | Killed a juggernaut
112146 | Dis:3    | Noticed a juggernaut
112148 | Dis:3    | Killed a juggernaut
112236 | Dis:3    | Killed a juggernaut
112395 | Dis:3    | Noticed a juggernaut
112409 | Dis:3    | Killed a juggernaut
112452 | Dis:3    | Noticed a juggernaut
112465 | Dis:3    | Killed a juggernaut
112548 | Dis:3    | Lost mutation: Your body sometimes deteriorates upon taking
                  | damage. [potion of mutation]
112548 | Dis:3    | Lost mutation: You expend magic power (3 MP) to strengthen
                  | your wands. [potion of mutation]
112548 | Dis:3    | Gained mutation: You are weak. (Str -2) [potion of
                  | mutation]
113213 | Dis:4    | Found a burning altar of Makhleb.
113318 | Dis:4    | Gained a life (1 life remaining)
113556 | Dis:7    | Entered Level 7 of the Iron City of Dis
114399 | Dis:7    | Noticed a juggernaut
114411 | Dis:7    | Killed a juggernaut
114418 | Dis:7    | Gained mutation: You possess an exceptional clarity of
                  | mind. [hidden potential]
114813 | Dis:7    | Noticed a juggernaut
114824 | Dis:7    | Killed a juggernaut
115725 | Dis:7    | Noticed a juggernaut
115732 | Dis:7    | Killed a juggernaut
116444 | Dis:7    | Identified Duel's Papyrus of the Band and Contamination
116446 | Dis:7    | Identified the +12 sling of Proximity {freeze, ^Contam
                  | Int+3 Stlth+}
116453 | Dis:7    | Noticed Dispater
116461 | Dis:7    | Got an iron rune of Zot
116578 | Dis:7    | Killed Dispater
117382 | Pan      | Entered Pandemonium
117541 | Pan      | Learned a level 7 spell: Ozocubu's Refrigeration
117544 | Pan      | Identified the +1 cloak of Wutynuc {rCorr}
117838 | Pan      | Reached skill level 10 in Ice Magic
117939 | Pan      | Found a huge runed translucent gate.
117940 | Pan      | Found a huge runed translucent gate.
117941 | Pan      | Found a huge runed translucent gate.
117941 | Pan      | Found a huge runed translucent gate.
117941 | Pan      | Found a huge runed translucent gate.
117941 | Pan      | Found a huge runed translucent gate.
117942 | Pan      | Found a huge runed translucent gate.
117945 | Pan      | Noticed Yngishack the pandemonium lord
117960 | Pan      | Killed Yngishack the pandemonium lord
118219 | Pan      | Noticed Monuhed the pandemonium lord
118287 | Pan      | Noticed Bujiskeboi the pandemonium lord
118296 | Pan      | Found an exit through the horrors of the Abyss.
118363 | Pan      | Took an exit into the Abyss.
118363 | Abyss:6  | Escaped into the Abyss
118381 | Abyss:7  | Entered Level 7 of the Abyss
118422 | Abyss:7  | Paralysed by accursed screaming for 2 turns
118434 | Depths:2 | Escaped the Abyss
119156 | Tomb:3   | Entered Level 3 of the Tomb of the Ancients
119176 | Tomb:3   | Noticed a royal mummy
119177 | Tomb:3   | Identified the +9 plate armour "Arudghur" {rPois}
119179 | Tomb:3   | Identified the +9 sling of Dung {speed, Fly rC+ Str-2
                  | Int+7}
119179 | Tomb:3   | Identified the Papyrus of the Fairies
119191 | Tomb:3   | Noticed Boris
119191 | Tomb:3   | Noticed a royal mummy
119195 | Tomb:3   | Noticed a royal mummy
119203 | Tomb:3   | Killed a royal mummy
119219 | Tomb:3   | Killed a royal mummy
119220 | Tomb:3   | Killed a royal mummy
119239 | Tomb:3   | Killed Boris
119239 | Tomb:3   | Noticed a royal mummy
119548 | Tomb:3   | Killed a royal mummy
119611 | Tomb:3   | Identified the ring of Gooho {Will+ AC+4 Dex+2}
119611 | Tomb:3   | Identified the ring of Dukhlateps {^Contam *Corrode MP+9
                  | Int+3 Stlth+}
119612 | Tomb:3   | Found the +3 crown of Dyrovepreva {rElec Int+2 SInv}
119613 | Tomb:3   | Identified the ring of Hejuket {rF+ Dex+2}
119951 | Tomb:3   | Identified the staff of the Slimy God {^Drain rElec rN++
                  | rCorr Air}
120044 | Tomb:3   | Noticed a royal mummy
120062 | Tomb:3   | Killed a royal mummy
120102 | Tomb:3   | Noticed a royal mummy
120111 | Tomb:3   | Killed a royal mummy
120162 | Tomb:3   | Noticed a royal mummy
120167 | Tomb:3   | Noticed a royal mummy
120314 | Tomb:3   | Got a golden rune of Zot
120330 | Tomb:3   | Killed a royal mummy
120353 | Tomb:3   | Noticed a royal mummy
120360 | Tomb:3   | Killed a royal mummy
120396 | Tomb:3   | Killed a royal mummy
121239 | Coc:1    | Entered Level 1 of Cocytus
123280 | Coc:5    | Reached skill level 27 in Fighting
123998 | Coc:7    | Entered Level 7 of Cocytus
124080 | Coc:7    | Noticed the Serpent of Hell
124095 | Coc:7    | Killed the Serpent of Hell
124431 | Coc:7    | Gained mutation: You are partially covered in iridescent
                  | scales. (AC +2) [hidden potential]
125098 | Coc:7    | Identified the +10 war axe of Disarray {heavy, Dex+4}
125103 | Coc:7    | Reached skill level 27 in Shapeshifting
125399 | Coc:7    | Noticed Antaeus
125427 | Coc:7    | Killed Antaeus
125583 | Coc:7    | Got an icy rune of Zot
125588 | Coc:7    | Identified the +8 great mace "Jeyles" {elec, rElec Will+
                  | Str+2 Int-5}
125973 | Geh:1    | Entered Level 1 of Gehenna
125994 | Geh:1    | Reached skill level 1 in Summonings
126799 | Geh:3    | Noticed an ancient lich
126803 | Geh:3    | Killed an ancient lich
126804 | Geh:3    | Reached skill level 5 in Summonings
127194 | Geh:4    | Found a corrupted altar of Lugonu.
128533 | Geh:7    | Entered Level 7 of Gehenna
128571 | Geh:7    | Gained mutation: You have an increased reservoir of magic.
                  | (+10% MP) [hidden potential]
128571 | Geh:7    | Lost mutation: You have hidden genetic potential. [hidden
                  | potential expressed]
129279 | Geh:7    | Got an obsidian rune of Zot
129295 | Geh:7    | Found the +13 sceptre of Asmodeus
129295 | Geh:7    | Noticed Asmodeus
129314 | Geh:7    | Killed Asmodeus
129708 | Geh:7    | Reached skill level 10 in Summonings
130993 | Geh:7    | Identified the +4 flail of Ciehuxes {freeze, *Rage rF+
                  | Will+ Stlth+}
130993 | Geh:7    | Found the amulet of the Air {Inacc Air Fly rElec RMsl}
130993 | Geh:7    | Identified Licuff's Treatise on Combustion and Resurrection
130993 | Geh:7    | Found the +9 sword of Power {lifebolt}
130993 | Geh:7    | Identified the +11 mace "Hellblazer" {freeze, rElec rPois
                  | Int+3}
131112 | Hell     | Learned a level 7 spell: Malign Gateway
131167 | Tar:1    | Entered Level 1 of Tartarus
133587 | Tar:7    | Entered Level 7 of Tartarus
134080 | Tar:7    | Identified the +1 sling "Himag" {elec, rC+}
134106 | Tar:7    | Gained a life (2 lives remaining)
134788 | Tar:7    | Noticed Ereshkigal
134808 | Tar:7    | Noticed a dread lich
134818 | Tar:7    | Killed a dread lich
134856 | Tar:7    | Identified the amulet "Kauvim" {Reflect Str+4 SH+5 Stlth+}
134901 | Tar:7    | Noticed a dread lich
134913 | Tar:7    | Killed a dread lich
135063 | Tar:7    | Noticed an ancient lich
135065 | Tar:7    | Noticed a dread lich
135065 | Tar:7    | Identified the +8 shortbow "Myphiggyo" {freeze, Str+2}
135071 | Tar:7    | Killed a dread lich
135074 | Tar:7    | Killed an ancient lich
135403 | Tar:7    | Killed Ereshkigal
135636 | Tar:7    | Got a bone rune of Zot
136162 | Zot:5    | Got the Orb of Zot
136793 | D:1      | Lost mutation: You have an increased reservoir of magic.
                  | (+10% MP) [potion of mutation]
136793 | D:1      | Lost mutation: You have a pair of small horns on your head.
                  | [potion of mutation]
136793 | D:1      | Lost mutation: You are partially covered in iridescent
                  | scales. (AC +2) [potion of mutation]
136793 | D:1      | Gained mutation: Your magical capacity is low. (-10% MP)
                  | [potion of mutation]
136793 | D:1      | Gained mutation: You are very weak. (Str -4) [potion of
                  | mutation]
136795 | D:$      | Escaped with the Orb!

Illustrated notes

Levels and vault maps discovered:
D:1:      dpeg_arrival_snail, layout_basic
D:2:      minmay_razor_zed, layout_basic, kennysheep_generic_room_6
D:3:      layout_loops_ring, nicolae_vehumet_radiance, uniq_terence,
          uniq_sigmund, uniq_crazy_yiuf_cottage
D:4:      layout_cave_pools, zin_statuary
D:5:      layout_cave_pods, temple_pool_b
D:6:      kennysheep_big_flooded_room, layout_basic, minmay_bent
D:7:      layout_cave_pods
D:8:      layout_gridville, nicolae_diode_quadrants
D:9:      lemuel_castle_with_subvaults [lemuel_castle_interior_original],
          layout_stronghold, nicolae_uskayaw_dance_hall, orc_0_dummy,
          uniq_maurice, uniq_maggie
D:10:     layout_loops_ring, enter_bailey_3, uniq_snorg, uniq_gastronok
D:11:     lemuel_slime, layout_irregular_city, david_lair_generic
D:12:     layout_gridville
D:13:     layout_roguey, serial_shops, nicolae_square_shop, shop, shop,
          nicolae_shop_gibbet_a_chance
D:14:     layout_long_grid, hellmonk_vaults_keyhole, xom_teletrap_fun,
          gauntlet_entry_generic, uniq_louise, uniq_nessos, uniq_azrael
D:15:     grunt_enter_depths_giant_problem, layout_irregular_city,
          nicolae_water_bricks, minmay_the_grid_square_5x5_3x3_mashed
          [minmay_the_grid_square_5x5_tetrominoes,
          minmay_the_grid_square_5x5_mess,
          minmay_the_grid_square_5x5_intrusive_squares,
          minmay_the_grid_square_5x5_three,
          minmay_the_grid_square_5x5_megaprize_hollow,
          minmay_the_grid_square_5x5_inner_i,
          minmay_the_grid_square_5x5_gyroscope,
          minmay_the_grid_square_5x5_shuriken,
          minmay_the_grid_square_5x5_hourglass]
Temple:   nicolae_temple_bog_church
Lair:1:   layout_misc_corridors, grunt_megastairs_3
Lair:2:   layout_chaotic_city, minmay_shoals_entry_hut, serial_bayou_shore_a
Lair:3:   layout_gridlike, spider_nest_entry_funnel_web,
          bobbens_dragon_lair_wall, uniq_josephine
Lair:4:   layout_regular_city, hellmonk_ghost_happy_afterlife, minmay_holes,
          ice2_lemuel
Lair:5:   gammafunk_lair_ancient_temple, layout_cave_pods, slime_entry_1,
          special_room [special_room_bee]
Shoals:1: layout_shoals, nicolae_splish_splash
Shoals:2: layout_shoals, lightli_airlock
Shoals:3: layout_shoals, gammafunk_ghost_cemetery, st_cyclops
Shoals:4: shoals_end_hellmonk_storm_palace [storm_palace_center_square,
          storm_palace_corner_grid, storm_palace_corner_blocked,
          storm_palace_corner_reverse_hut, storm_palace_corner_altar],
          serial_shops
Spider:1: layout_spider_delve, gammafunk_ghost_split
Spider:2: layout_spider_delve
Spider:3: layout_spider_delve
Spider:4: spider_rune_water
Slime:1:  cheibrodos_slime_lost_civilization_8, layout_caves,
          nicolae_slime_barrier
Slime:2:  layout_caves, uniq_dissolution
Slime:3:  layout_caves
Slime:4:  layout_caves
Slime:5:  slime_pit_nicolae_royal_road_to_ruin
Orc:1:    nicolae_orc_accident_2, layout_diamond_mine, serial_shops,
          nicolae_diamond_shop
Orc:2:    st_orc_mages, layout_caves, basic_altar, uniq_sonja, uniq_urug,
          uniq_erolcha
Elf:1:    minmay_elf_arrival_summoners, layout_rooms,
          portal_ice_cave_entry_pillars_four, lightli_enter_wizlab_magi_temple,
          ebering_ghost_disaster_area, nicolae_elf_crossing_hall, uniq_donald,
          uniq_jorgrun
Elf:2:    elven_hall_of_blades_hangedman_alternative
          [nicolae_blade_entry_splitting_headache], layout_loops_corners,
          serial_shops, nicolae_stop_n_shop_1, minmay_librarian, uniq_roxanne
Elf:3:    minmay_elf_hall_spiked, layout_geoelf_octagon
Vaults:1: v_misc_26, nicolae_vaults_circle_grid_a, vaults_room_hallway,
          v_misc_15, v_misc_31, hangedman_vaults_maws, vaults_mumra_lcd,
          v_misc_27, nicolae_vaults_ring_of_whatevers, layout_vaults_big_room
Vaults:2: portal_desolation_entry_nicolae_slug, v_misc_10,
          nicolae_vaults_three_branches, nicolae_vaults_tetromino_Z_2,
          v_misc_12, nicolae_vaults_tetromino_L_1, nicolae_vaults_rhombus_5,
          nicolae_vaults_border_crossing, layout_vaults_omnigrid,
          dummy_crypt_entry, serial_shops, shop
Vaults:3: vaults_room_grid, nicolae_vaults_asterisk, v_misc_28,
          nicolae_vaults_big_ls, nicolae_vaults_offset_grid_hallway_1,
          v_alt_pattern_1, nicolae_vaults_bisected_inception,
          ontoclasm_vaults_idyll, layout_vaults_ring, enter_trove_6,
          uniq_margery, uniq_norris
Vaults:4: nicolae_vaults_network_quincunx
          [nicolae_vaults_network_quincunx_subvault,
          nicolae_vaults_network_quincunx_subvault,
          nicolae_vaults_network_quincunx_subvault,
          nicolae_vaults_network_quincunx_subvault,
          nicolae_vaults_network_quincunx_subvault],
          nicolae_vaults_closet_pinwheel_3, nicolae_vaults_network_periphery,
          ontoclasm_vaults_shout, nicolae_vaults_wrenched, v_misc_10, v_rooms_4,
          v_misc_19, nicolae_vaults_apartment_1, v_misc_24,
          nicolae_vaults_trapezoid_lopsided_1, nicolae_vaults_little_squares_2,
          nicolae_vaults_little_squares_1, layout_vaults_omnibox, serial_shops,
          shop, uniq_sojobo, uniq_xtahua
Vaults:5
Crypt:1:  layout_chaotic_city, grunt_ministairs_11, st_chilly_death
Crypt:2:  layout_chaotic_city, minmay_misc_feat_columns, minivault_11
Crypt:3:  lightli_unholy_cathedral, layout_chaotic_city,
          tomb_entry_simple_bobbens, ebering_ghost_disaster_area, uniq_boris
Tomb:1
Tomb:2
Tomb:3
Depths:1: layout_honeycomb, hell_entry, minivault_12
Depths:2: minmay_strange_plus, layout_honeycomb, enter_ziggurat_e, serial_shops,
          bzr_in_the_mist, rand_demon_pan_entry_7,
          nicolae_concentric_dashed_squares_mild, hell_entry,
          infiniplex_staircase_diamond, uniq_josephina
Depths:3: minmay_box_of_curves, layout_gridlike, pf_coc_iceberg,
          nicolae_abyss_entry_one_way_or_another, kennysheep_island_fort,
          serial_bayou_shore_b, minmay_staircase_windowed_small
Depths:4: grunt_crosshair, layout_basic, serial_shops, bzr_entry_water,
          hell_entry, serial_curves, eino_curves_01, eino_curves_02,
          serial_bayou_pond_e, abyss_entry_crystal, minmay_shoptagon
Hell
Dis:1:    layout_jigsaw
Dis:2:    layout_jigsaw
Dis:3:    nicolae_hells_titanomachy
Dis:4:    kennysheep_iron_temple, layout_subdivisions
Dis:5:    layout_regular_city
Dis:6:    layout_regular_city, nicolae_dis_lava_storage_tank
Dis:7:    dis_grunt_layers
Geh:1:    layout_gehenna_lava_caves
Geh:2:    layout_gehenna_pools_box
Geh:3:    layout_gehenna_pools_triple
Geh:4:    layout_gehenna_pools_basic, amcnicky_altar_lugonu_corruption
Geh:5:    layout_gehenna_lava_caves
Geh:6:    layout_gehenna_lava_caves, nicolae_geh_lava_in_the_way
Geh:7:    evilmike_geh
Coc:1:    layout_ice_bergs
Coc:2:    layout_cocytus_water_paths
Coc:3:    layout_ice_bergs, nicolae_hells_hurtin_island
Coc:4:    nicolae_hells_giants_party, layout_ice_bergs
Coc:5:    layout_cocytus_water_paths
Coc:6:    layout_cocytus_water_paths
Coc:7:    coc_hangedman
Tar:1:    layout_honeycomb
Tar:2:    layout_catacombs, nicolae_tar_cuneiform_to_be
Tar:3:    layout_grid_maze, nicolae_tar_spectre_spectrum
Tar:4:    layout_cathedral_of_symmetry, nicolae_tar_combstack
Tar:5:    layout_honeycomb, nicolae_tar_just_some_guys
Tar:6:    layout_honeycomb
Tar:7:    tar_grunt_cathedral
Zot:1:    lemuel_draconian_sentries, layout_misc_corridors,
          nicolae_transporter_circle, grunt_megastairs_2
Zot:2:    layout_misc_corridors, grunt_megastairs_4
Zot:3:    layout_cathedral_of_symmetry
Zot:4:    layout_concentric_octagons, regret_index_zotdec_plus,
          regret_index_zotdec_twisting_globes
Zot:5:    layout_misc_corridors, hellmonk_bargain_basement

Skill      XL: |  1  2  3  4  5  6  7  8  9 10 11 12 13 14 15 16 17 18 19 20 21 22 23 24 25 26 27 |
---------------+----------------------------------------------------------------------------------+-----
Stealth        | 2 3 4 5 8 10 12 15 | 15.0
Shapeshifting  | 3 7 9 10 12 13 14 15 16 17 27 | 27.0
Dodging        | 3 4 6 8 10 11 15 19 22 24 25 27 | 27.0
Fighting       | 3 4 7 10 12 13 15 17 19 20 27 | 27.0
Conjurations   | 2 4 5 |  5.5
Alchemy        | 2 4 5 7 |  7.3
Evocations     | 2 6 7 9 15 | 15.0
Ice Magic      | 2 4 5 13 | 13.4
Translocations | 4 6 8 13 16 21 26 | 26.0
Spellcasting   | 1 2 4 6 8 10 14 15 22 | 22.1
Unarmed Combat | 4 6 8 9 10 11 13 15 26 | 26.8
Hexes          | 10 11 12 16 21 26 | 26.0
Earth Magic    | 3 4 7 24 | 24.3
Air Magic      | 4 5 |  5.5
Summonings     | 10 | 10.0
Fire Magic     | |  0.9

Action                     |  1- 3 |  4- 6 |  7- 9 | 10-12 | 13-15 | 16-18 | 19-21 | 22-24 | 25-27 || total
---------------------------+-------+-------+-------+-------+-------+-------+-------+-------+-------++-------
  Melee: Unarmed           |    84 |   140 |   303 |   805 |  1130 |  1350 |  1644 |  1331 |  8154 || 14941
         Bite              |     3 |    16 |    48 |   115 |   116 |   112 |   273 |   239 |   640 ||  1562
         Punch             |     1 |     3 |     5 |    29 |    55 |    72 |   187 |   191 |  1250 ||  1793
         Constrict         |       |       |       |       |    43 |   118 |     9 |       |     6 ||   176
         Headbutt          |       |       |       |       |       |       |       |       |   249 ||   249
   Cast: Sting             |       |    22 |   118 |   183 |    90 |    32 |       |       |       ||   445
         Ozocubu's Armour  |       |       |     2 |    37 |    53 |    28 |     8 |    18 |    34 ||   180
         Iskenderun's Myst |       |       |       |    36 |    40 |    47 |    17 |     2 |       ||   142
         Fulminant Prism   |       |       |       |     8 |    39 |     4 |     3 |     4 |     3 ||    61
         Metabolic Englaci |       |       |       |     5 |    30 |    17 |    13 |     5 |    19 ||    89
         Leda's Liquefacti |       |       |       |       |    17 |    12 |    12 |    13 |     9 ||    63
         Freezing Cloud    |       |       |       |       |    41 |   181 |    65 |    45 |    41 ||   373
         Passwall          |       |       |       |       |     1 |    21 |    17 |     9 |    56 ||   104
         Mercury Vapours   |       |       |       |       |       |    38 |     2 |       |       ||    40
         Enfeeble          |       |       |       |       |       |     4 |    15 |    18 |   291 ||   328
         Lesser Beckoning  |       |       |       |       |       |       |    42 |     2 |   253 ||   297
         Manifold Assault  |       |       |       |       |       |       |       |    86 |   680 ||   766
         Eringya's Noxious |       |       |       |       |       |       |       |     4 |    36 ||    40
         Shatter           |       |       |       |       |       |       |       |       |   152 ||   152
         Discord           |       |       |       |       |       |       |       |       |    64 ||    64
         Ozocubu's Refrige |       |       |       |       |       |       |       |       |    45 ||    45
         Passage of Golubr |       |       |       |       |       |       |       |       |    28 ||    28
         Disjunction       |       |       |       |       |       |       |       |       |    23 ||    23
         Dispersal         |       |       |       |       |       |       |       |       |    11 ||    11
         Malign Gateway    |       |       |       |       |       |       |       |       |    10 ||    10
         Yara's Violent Un |       |       |       |       |       |       |       |       |     1 ||     1
 Invoke: Curse Item        |       |       |     2 |       |     1 |       |     2 |       |       ||     5
         Shatter the Chain |       |       |       |       |       |       |     2 |       |       ||     2
Ability: Begin Untransform |       |       |     1 |       |       |       |       |       |     2 ||     3
         Blinkbolt         |       |       |       |       |       |       |       |       |     1 ||     1
  Evoke: Wand              |       |       |     7 |    31 |    20 |     6 |     8 |     8 |    76 ||   156
         Phantom mirror    |       |       |       |       |       |       |       |     2 |     8 ||    10
         Lightning rod     |       |       |       |       |       |       |       |    12 |    35 ||    47
         Sack of spiders   |       |       |       |       |       |       |       |     1 |    12 ||    13
         Horn of Geryon    |       |       |       |       |       |       |       |       |     7 ||     7
    Use: Scroll            |     5 |     3 |       |     4 |     8 |     6 |    10 |    10 |    76 ||   122
         Potion            |       |     1 |       |       |     7 |     3 |     1 |     9 |    93 ||   114
   Stab: Sleeping          |    10 |     7 |       |     6 |    16 |    26 |    43 |    47 |    88 ||   243
         Distracted        |     2 |       |       |     2 |     3 |     3 |     5 |     5 |    61 ||    81
         Paralysed         |       |       |     4 |    16 |     2 |       |       |     1 |     3 ||    26
         Invisible         |       |       |       |     2 |     1 |       |     3 |     4 |   152 ||   162
         Confused          |       |       |       |       |       |       |       |       |     2 ||     2
         Held in net/web   |       |       |       |       |       |       |       |       |     2 ||     2
 Armour: Skin              |    18 |    43 |    92 |   252 |   948 |  1028 |   967 |   722 |  2373 ||  6443
  Dodge: Dodged            |    40 |    85 |   267 |   618 |  1869 |  2442 |  4203 |  2780 | 12897 || 25201
   Form: Beast             |       |       |     1 |     2 |       |       |       |       |       ||     3
         Flux              |       |       |     1 |     2 |       |       |       |       |       ||     3
         Blade             |       |       |       |     3 |     5 |       |     1 |       |       ||     9
         Statue            |       |       |       |     2 |     8 |     6 |     1 |       |     2 ||    19
         Serpent           |       |       |       |       |     8 |     6 |     1 |       |     1 ||    16
         Death             |       |       |       |       |       |       |       |       |    14 ||    14
         Storm             |       |       |       |       |       |       |       |       |    13 ||    13
                           |       |       |       |       |       |       |       |       |     1 ||     1

Table legend: (Time is in decaauts)
 A = Elapsed time spent in this place.
 B = Non-inter-level travel time spent in this place.
 C = Inter-level travel time spent in this place.
 D = Time resting spent in this place.
 E = Time spent auto-exploring this place.
 F = Levels seen in this place.
 G = Mean time per level.
                   A        B        C        D        E       F      G
               +--------+--------+--------+--------+--------+-----+--------+
         Total | 159016 | 145768 |  13248 |  34332 |  48053 | 143 | 1112.0 |
       Dungeon |  27361 |  23179 |   4182 |   3625 |   6714 |  15 | 1824.1 |
        Temple |     53 |     29 |     24 |      0 |      0 |   1 |   53.0 |
          Lair |  10119 |   8964 |   1155 |   2165 |   2230 |   5 | 2023.8 |
        Shoals |   7339 |   7093 |    246 |   2155 |   2388 |   4 | 1834.8 |
   Spider Nest |   5007 |   4732 |    275 |    913 |   1665 |   4 | 1251.8 |
    Slime Pits |   4575 |   4310 |    265 |    775 |   2392 |   5 |  915.0 |
  Orcish Mines |   2895 |   2686 |    209 |    674 |   1408 |   2 | 1447.5 |
   Elven Halls |   6193 |   5955 |    238 |   1216 |   1512 |   3 | 2064.3 |
        Vaults |  10591 |   8689 |   1902 |    489 |   5257 |   5 | 2118.2 |
         Crypt |   4889 |   4444 |    445 |    523 |   1780 |   3 | 1629.7 |
          Tomb |   6302 |   5668 |    634 |   2286 |    680 |   3 | 2100.7 |
        Depths |  12459 |  10240 |   2219 |   2019 |   5857 |   4 | 3114.8 |
          Hell |   1375 |   1152 |    223 |    103 |    696 |   1 | 1375.0 |
           Dis |   5931 |   5819 |    112 |   2551 |    718 |   7 |  847.3 |
       Gehenna |   4993 |   4787 |    206 |   1609 |   1813 |   7 |  713.3 |
       Cocytus |   4539 |   4421 |    118 |   1782 |   1202 |   7 |  648.4 |
      Tartarus |   4425 |   4297 |    128 |   1086 |   1174 |   7 |  632.1 |
           Zot |  10036 |   9376 |    660 |   2667 |   3524 |   5 | 2007.2 |
         Abyss |   1492 |   1492 |      0 |    107 |     25 |   8 |  186.5 |
   Pandemonium |  19552 |  19552 |      0 |   4263 |   5479 |  21 |  931.0 |
      Ziggurat |   3334 |   3334 |      0 |   2037 |    285 |  18 |  185.2 |
        Bazaar |    462 |    462 |      0 |      0 |    294 |   2 |  231.0 |
         Trove |    139 |    139 |      0 |      0 |     43 |   1 |  139.0 |
        Bailey |    887 |    887 |      0 |    500 |      0 |   1 |  887.0 |
      Ice Cave |    177 |    177 |      0 |     76 |      0 |   1 |  177.0 |
        Wizlab |    992 |    992 |      0 |    195 |      0 |   1 |  992.0 |
    Desolation |   1895 |   1895 |      0 |    184 |    804 |   1 | 1895.0 |
      Gauntlet |    992 |    992 |      0 |    322 |    108 |   1 |  992.0 |
               +--------+--------+--------+--------+--------+-----+--------+

Top non-repeatable levels by time:
Depths:1: 4392 daAuts
     D:3: 3808 daAuts
   Dis:7: 3629 daAuts
  Tomb:1: 3324 daAuts
   Zot:5: 3299 daAuts
     D:9: 3137 daAuts
Depths:3: 2917 daAuts
  Lair:5: 2798 daAuts
  Lair:3: 2783 daAuts
Depths:2: 2625 daAuts
   Elf:3: 2553 daAuts
Depths:4: 2524 daAuts
   Geh:7: 2492 daAuts
Vaults:2: 2448 daAuts
    D:15: 2193 daAuts
